Workbook

Sheet Profile
C4: Dabur India - one Page Profile
G5: Dabur India Ltd., founded in 1884, is one of India’s oldest and largest FMCG companies with a strong heritage in Ayurveda and natural healthcare. It manufactures and markets health supplements, personal care, foods, home care and OTC products under well-known brands like Dabur Chyawanprash, Vatika, Real and Hajmola. Operating multiple manufacturing units in India and abroad and reaching over 120 countries, Dabur combines traditional knowledge with modern R&D to sustain leadership in herbal and natural products. Its diversified portfolio and international presence make it a leading player in the Indian FMCG sector and a growing name globally.
C13: Inr (Cr.)
C14: Key financial Metrics | H14: 2021 | I14: 2022 | J14: 2023 | K14: 2024 | L14: 2025 | O14: Share Price - 5 Year
C16: Total Sales | H16: ='P & L'!O12 -> 9561.65 | I16: ='P & L'!P12 -> 10888.68 | J16: ='P & L'!Q12 -> 11529.89 | K16: ='P & L'!R12 -> 12404.01 | L16: ='P & L'!S12 -> 12563.09
C17: Sales Growth ( y-o-y %) | I17: =I16/H16-1 -> 0.13878672 | J17: =J16/I16-1 -> 0.058887762 | K17: =K16/J16-1 -> 0.075813386 | L17: =L16/K16-1 -> 0.012824885
C18: Gross Profit Margin (%) | H18: ='Fore - P& L'!O17 -> 0.5022972 | I18: ='Fore - P& L'!P17 -> 0.48205935 | J18: ='Fore - P& L'!Q17 -> 0.45631138 | K18: ='Fore - P& L'!R17 -> 0.48025195 | L18: ='Fore - P& L'!S17 -> 0.48198572
C19: EBITDA Margin (%) | H19: ='Fore - P& L'!O21 -> 0.2125972 | I19: ='Fore - P& L'!P21 -> 0.20698652 | J19: ='Fore - P& L'!Q21 -> 0.1876965 | K19: ='Fore - P& L'!R21 -> 0.19350436 | L19: ='Fore - P& L'!S21 -> 0.18652577
C20: EBIT Margin (%) | H20: ='Fore - P& L'!O25 -> 0.18748333 | I20: ='Fore - P& L'!P25 -> 0.18376148 | J20: ='Fore - P& L'!Q25 -> 0.1607266 | K20: ='Fore - P& L'!R25 -> 0.16132041 | L20: ='Fore - P& L'!S25 -> 0.15105679
C21: Net profit Margin (%) | H21: ='Fore - P& L'!O38 -> 0.18041342 | I21: ='Fore - P& L'!P38 -> 0.16001021 | J21: ='Fore - P& L'!Q38 -> 0.14755822 | K21: ='Fore - P& L'!R38 -> 0.14602616 | L21: ='Fore - P& L'!S38 -> 0.14068354
C22: Earning Per share (in Rs.) | H22: ='Fore - P& L'!O56 -> 9.58 | I22: ='Fore - P& L'!P56 -> 9.84 | J22: ='Fore - P& L'!Q56 -> 9.64 | K22: ='Fore - P& L'!R56 -> 10.4 | L22: ='Fore - P& L'!S56 -> 9.97
C23: EPS Growth (%) | I23: =I22/H22-1 -> 0.027139875 | J23: =J22/I22-1 -> -0.020325203 | K23: =K22/J22-1 -> 0.078838174 | L23: =L22/K22-1 -> -0.041346154
C24: Dividend Per Share | H24: ='P & L'!O57 -> 4.79 | I24: ='P & L'!P57 -> 5.2152 | J24: ='P & L'!Q57 -> 5.2056 | K24: ='P & L'!R57 -> 5.512 | L24: ='P & L'!S57 -> 7.976
C25: Dividend Growth rate (Y-o-Y %) | I25: =I24/H24-1 -> 0.088768267 | J25: =J24/I24-1 -> -0.0018407731 | K25: =K24/J24-1 -> 0.05885969 | L25: =L24/K24-1 -> 0.44702467
C28: Key financial Ratios | H28: 2021 | I28: 2022 | J28: 2023 | K28: 2024 | L28: 2025 | O28: Share Price - 1 year
C30: Price to Earning | H30: ='Work Sheet'!C3/'P & L'!O54 -> 56.367432 | I30: ='Work Sheet'!C4/'P & L'!P54 -> 54.471545 | J30: ='Work Sheet'!C5/'P & L'!Q54 -> 56.431535 | K30: ='Work Sheet'!C6/'P & L'!R54 -> 50.288462 | L30: ='Work Sheet'!C7/'P & L'!S54 -> 50.752257
C31: EV/EBITDA | H31: ='Work Sheet'!G16/'Fore - P& L'!O20 -> 47.087402 | I31: ='Work Sheet'!H16/'Fore - P& L'!P20 -> 42.203455 | J31: ='Work Sheet'!I16/'Fore - P& L'!Q20 -> 44.671982 | K31: ='Work Sheet'!J16/'Fore - P& L'!R20 -> 38.727259 | L31: ='Work Sheet'!K16/'Fore - P& L'!S20 -> 38.381938
C32: EV/Sales | H32: ='Work Sheet'!G16/'P & L'!O12 -> 10.01065 | I32: ='Work Sheet'!H16/'P & L'!P12 -> 8.7355465 | J32: ='Work Sheet'!I16/'P & L'!Q12 -> 8.3847747 | K32: ='Work Sheet'!J16/'P & L'!R12 -> 7.4938935 | L32: ='Work Sheet'!K16/'P & L'!S12 -> 7.1592204
C33: Price to Bookvalue | H33: ='Work Sheet'!G6 -> 12.394399 | I33: ='Work Sheet'!H6 -> 11.261165 | J33: ='Work Sheet'!I6 -> 10.209979 | K33: ='Work Sheet'!J6 -> 8.9949413 | L33: ='Work Sheet'!K6 -> 7.9983158
C34: Return to Equity (%) | H34: ='P & L'!O36/'Balance sheet'!$M$48 -> 0.22011709 | I34: ='P & L'!P36/'Balance sheet'!$M$48 -> 0.22626626 | J34: ='P & L'!Q36/'Balance sheet'!$M$48 -> 0.22094564 | K34: ='P & L'!R36/'Balance sheet'!$M$48 -> 0.23522834 | L34: ='P & L'!S36/'Balance sheet'!$M$48 -> 0.22602211
C35: Return on Capital Employed (%) | H35: ='Fore - P& L'!O24/('Balance sheet'!$M$48+'Balance sheet'!$M$57) -> 0.22654664 | I35: ='Fore - P& L'!P24/('Balance sheet'!$M$48+'Balance sheet'!$M$57) -> 0.25286682 | J35: ='Fore - P& L'!Q24/('Balance sheet'!$M$48+'Balance sheet'!$M$57) -> 0.23419361 | K35: ='Fore - P& L'!R24/('Balance sheet'!$M$48+'Balance sheet'!$M$57) -> 0.25287946 | L35: ='Fore - P& L'!S24/('Balance sheet'!$M$48+'Balance sheet'!$M$57) -> 0.23982742
C38: Top 10 Shareholders | H38: Shares ( In Cr.) | J38: Holding (%) | L38: Market Value
C40: Vic Enterprises Private Limited | H40: 21.7794 | J40: 0.1228 | L40: =H40*515 -> 11216.391
C41: Saket Burman | H41: 20.93838 | J41: 0.1179 | L41: =H41*515 -> 10783.266
C42: Gyan Enterprises Pvt. Ltd. | H42: 19.337998 | J42: 0.109 | L42: =H42*515 -> 9959.069
C43: Puran Associates Pvt. Ltd. | H43: 18.9212 | J43: 0.1067 | L43: =H43*515 -> 9744.418
C44: Ratna Commercial Enterprises Pvt. Ltd. | H44: 15.89556 | J44: 0.0897 | L44: =H44*515 -> 8186.2136
C45: Milky Investment And Trading Co. | H45: 10.61475 | J45: 0.0598 | L45: =H45*515 -> 5466.5964
C46: Life Insurance Corporation of India (LIC) | H46: 8.903565 | J46: 0.0502 | L46: =H46*515 -> 4585.336
C47: Burmans Finvest Private Limited | H47: 5.3012986 | J47: 0.0299 | L47: =H47*515 -> 2730.1688
C48: UTI Retirement Solutions Ltd. | H48: 3.29724 | J48: 0.0186 | L48: =H48*515 -> 1698.0786
C49: ICICI Prudential AMC Ltd. | H49: 3.1722028 | J49: 0.0179 | L49: =H49*515 -> 1633.6844
C52: Managerial Renumeration | F52: Designation | I52: Renumeration (in Cr.) | K52: X of Median Salary | O52: Capital Structure
C54: Mohit Malhotra | F54: CEO & Whole-time Director | I54: 14.43 | K54: 257X | O54: Share Price as on Sep-2025 | S54: 515.6
C55: Amit Burman | F55: Chairman (Non-Executive) | I55: 1.9 | K55: 34X | O55: No.of Share Outstanding | S55: 177.26
C56: P. D. Narang | F56: Whole-time Director | I56: 8.08 | K56: 144X | O56: Market Capitalisation | S56: =S54*S55 -> 91395.256
C57: Mohit Anand | F57: Whole-time Director | I57: 5.92 | K57: 106X | P57: Less: | Q57: Cash & Equivalent | S57: ='Balance sheet'!$Q$33 -> 184.27
C58: Manish Chugh | F58: Chief Financial Officer (KMP) | I58: 3.17 | K58: 57X | P58: Add: | Q58: Total Debt | S58: ='Balance sheet'!$Q$52+'Balance sheet'!$Q$53+'Balance sheet'!$Q$60+'Balance sheet'!$Q$61 -> 950.37
C59: Vivek Chandra | F59: CEO – International Business (KMP) | I59: 3.35 | K59: 60X | P59: Add: | Q59: Minority Interest | S59: ='Balance sheet'!$Q$47 -> 409.57
C60: Sandeep Sharma | F60: CEO – India Business (KMP) | I60: 2.99 | K60: 53X | O60: Enterprise Value | S60: =S56+S58+S59-S57 -> 92570.926
C61: Atul Sharma | F61: CS & Compliance Officer (KMP) | I61: 1.21 | K61: 21X
C63: Notes.
C64: (i) | D64: The Company has 6,604 permanent employees on the rolls of Company as on 31st March, 2025.
C66: Recent Updates
C68: Dabur reported a 3% year-on-year increase in consolidated net profit to ₹514 crore for Q1 FY2025-26, with a 2% rise in revenue, indicating steady growth despite challenges.
C69: The company announced price reductions across key products like Vatika and Chyawanprakash following the recent GST rate cuts, aiming to enhance affordability and boost consumption.
C70: Dabur signed a Memorandum of Understanding with the Government of Tamil Nadu to establish its first manufacturing facility in South India, located in SIPCOT Tindivanam, to strengthen its domestic manufacturing footprint.
C71: In response to the recent unrest in Nepal, Dabur temporarily suspended operations at its manufacturing unit in Birgunj to ensure the safety of its employees and maintain operational continuity.
C72: The company plans to increase its direct distribution reach to 1.5 million outlets over the next two years, aiming to enhance market penetration and accessibility of its products.
C73: Dabur continues to focus on rural markets, deriving approximately 50% of its sales from rural regions, with a presence in 90,000 villages, highlighting its commitment to inclusive growth.
C74: The company aims to achieve net-zero carbon emissions by 2045 and water positivity by 2030, embedding sustainability into its business model through a comprehensive environmental, social, and governance (ESG) framework
C75: Dabur's CEO, Mohit Malhotra, hailed GST reforms as a boost to consumption, noting that tax parity on branded goods will lower prices and spur demand.
C76: Dabur signed a Memorandum of Understanding with the Government of Tamil Nadu to establish its first manufacturing facility in South India, located in SIPCOT Tindivanam, to strengthen its domestic manufacturing footprint.
C79: P.E.S.T.L.E Analysis of Company
C81: Political
... C115: Financial effect: Higher capex and raw material costs in near term, but strengthens ESG profile → lower cost of capital and better long-term investor interest.

Sheet P & L
B5: Dabur India ltd
B6: DABURINDIA| BSE Code : 524715)
B7: Sector: Fast Moving Consumer Goods
B8: Historical Financial Statement - Dabur India ltd
B9: Income Statement
B10: Particulars | M10: Notes | O10: FY-2021 | P10: FY-2022 | Q10: FY-2023 | R10: FY-2024 | S10: FY-2025
B11: Income
B12: Revenue from operations | O12: 9561.65 | P12: 10888.68 | Q12: 11529.89 | R12: 12404.01 | S12: =12563.09 -> 12563.09
B13: Other Income | O13: 325.29 | P13: 393.16 | Q13: 445.39 | R13: 482.41 | S13: 550.1
B14: Total Income | O14: =SUM(O12:O13) -> 9886.94 | P14: =SUM(P12:P13) -> 11281.84 | Q14: =SUM(Q12:Q13) -> 11975.28 | R14: =SUM(R12:R13) -> 12886.42 | S14: =SUM(S12:S13) -> 13113.19
B15: Expenses
B16: Cost of material consumed | O16: 3998.58 | P16: 4766.12 | Q16: 5306.97 | R16: 5186.9 | S16: 5236.68
B17: Excise duty | O17: 15.05
B18: Purchase of stock in trade | O18: 982.53 | P18: 882.12 | Q18: 1052.49 | R18: 1211.11 | S18: 1328.28
B19: change in inventories in finished goods, stock in trade and work in progress | O19: -207.2 | P19: -8.55 | Q19: -90.79 | R19: 48.95 | S19: -57.1
B20: Employee benefit expenses | O20: 1033.46 | P20: 1079.95 | Q20: 1137 | R20: 1239.56 | S20: 1291.23
B21: Finance cost | O21: 30.81 | P21: 38.6 | Q21: 78.24 | R21: 124.18 | S21: 163.5
B22: Depreiation an amortisation expenses | O22: 240.13 | P22: 252.89 | Q22: 310.96 | R22: 399.21 | S22: 445.6
B23: other expenses
C24: advertisement and publicity | O24: 784.36 | P24: 777.94 | Q24: 640.27 | R24: 849.06 | S24: 864.64
C25: Others | O25: 952.19 | P25: 1137.29 | Q25: 1319.83 | R25: 1468.2 | S25: 1556.02
B26: Total expenses | O26: =SUM(O16:O25) -> 7829.91 | P26: =SUM(P16:P25) -> 8926.36 | Q26: =SUM(Q16:Q25) -> 9754.97 | R26: 10527.17 | S26: 10855.85
B27: profit before share of loss from joint venture , exceptional items and tax | O27: =O14-O26 -> 2057.03 | P27: =P14-P26 -> 2355.48 | Q27: =Q14-Q26 -> 2220.31 | R27: 2359.25 | S27: 2257.34
B28: Share of loss of joint venture | O28: -1.01 | P28: -1.8 | Q28: -1.63 | R28: -0.51 | S28: 0.55
B29: profit before exceptional item and tax | O29: =SUM(O27:O28) -> 2056.02 | P29: =SUM(P27:P28) -> 2353.68 | Q29: =SUM(Q27:Q28) -> 2218.68 | R29: =SUM(R27:R28) -> 2358.74 | S29: =SUM(S27:S28) -> 2257.89
B30: exceptional items | P30: -85
B31: Profit before tax | O31: =SUM(O29:O30) -> 2056.02 | P31: =SUM(P29:P30) -> 2268.68 | Q31: =SUM(Q29:Q30) -> 2218.68 | R31: =SUM(R29:R30) -> 2358.74 | S31: =SUM(S29:S30) -> 2257.89
B32: Tax expenses
B33: Current tax | O33: 363.04 | P33: 442.17 | Q33: 481.63 | R33: 539.53 | S33: 499.06
B34: Defrred tax | O34: -1.97 | P34: 84.21 | Q34: 35.72 | R34: 7.9 | S34: 18.41
B35: Total tax Expense | O35: =SUM(O33:O34) -> 361.07 | P35: =SUM(P33:P34) -> 526.38 | Q35: =SUM(Q33:Q34) -> 517.35 | R35: 547.43 | S35: 517.47
B36: Net profit for the year | O36: =O31-O35 -> 1694.95 | P36: =P31-P35 -> 1742.3 | Q36: =Q31-Q35 -> 1701.33 | R36: 1811.31 | S36: 1740.42
B37: Other comprensive Income
B38: A | C38: (i) | D38: items that wil not be reclassified to profit and loss | O38: 6.6 | P38: 15.27 | Q38: -2.21 | R38: -2.93 | S38: 4.75
C39: (ii) | D39: Income tax relating to items that will not be reclassified to profit or loss | O39: -2.4 | P39: -7.55 | Q39: 0.77 | R39: 1.05 | S39: -1.65
B40: B | C40: (i) | D40: items that wil be reclassified to profit and loss | O40: -98.66 | P40: -106.97 | Q40: -247.93 | R40: -78.91 | S40: 105.09
C41: (ii) | D41: Income tax relating to items that will be reclassified to profit or loss | O41: 6.25 | P41: 10.83 | Q41: 23.98 | R41: -11.09 | S41: -19.1
B42: Total Other comprehensive income | O42: =SUM(O38:O41) -> -88.21 | P42: =SUM(P38:P41) -> -88.42 | Q42: =SUM(Q38:Q41) -> -225.39 | R42: -91.88 | S42: 89.09
B43: Total comprehensive income for the year | O43: =SUM(O36,O42) -> 1606.74 | P43: =SUM(P36,P42) -> 1653.88 | Q43: =SUM(Q36,Q42) -> 1475.94 | R43: 1719.43 | S43: 1829.51
B44: Net profit attribute to:
C45: owner of the holding company | O45: 1693.3 | P45: 1739.22 | Q45: 1707.15 | R45: 1842.68 | S45: 1767.63
C46: Non-controlling interest | O46: 1.65 | P46: 3.08 | Q46: -5.82 | R46: -31.37 | S46: -27.21
B47: Other comprehensive income attribute to :
C48: owner of the holding company | O48: -86.79 | P48: -89.2 | Q48: -225.49 | R48: -91.86 | S48: 89.09
C49: Non-controlling interest | O49: -1.42 | P49: 0.78 | Q49: 0.11 | R49: -0.02
B50: Total comprehensive income attribute to :
C51: owner of the holding company | O51: 1606.51 | P51: 1650.02 | Q51: 1481.66 | R51: 1750.82 | S51: 1856.72
C52: Non-controlling interest | O52: 0.23 | P52: 3.86 | Q52: -5.72 | R52: -31.39 | S52: -27.21
B53: Earning per equity share
B54: Basic | O54: 9.58 | P54: 9.84 | Q54: 9.64 | R54: 10.4 | S54: 9.97
B55: Diluted | O55: 9.55 | P55: 9.81 | Q55: 9.61 | R55: 10.38 | S55: 9.95
B56: Material and other accounting policies
B57: Dividend per share | O57: =O54*O58 -> 4.79 | P57: =P54*P58 -> 5.2152 | Q57: =Q54*Q58 -> 5.2056 | R57: =R54*R58 -> 5.512 | S57: =S54*S58 -> 7.976
B58: Dividend Payout ratio | O58: 0.5 | P58: 0.53 | Q58: 0.54 | R58: 0.53 | S58: 0.8

Sheet Balance sheet
B5: Dabur India ltd
B6: DABURINDIA| BSE Code : 524715)
B7: Sector: Fast Moving Consumer Goods
B8: Historical Financial Statement - Dabur India ltd
B9: Balancesheet
B10: Particulars | K10: Notes | M10: FY-2021 | N10: FY-2022 | O10: FY-2023 | P10: FY-2024 | Q10: FY-2025
B11: ASSETS
B12: Non-current asssets
B13: a) | C13: property ,plant and equipment | M13: 1811.7 | N13: 1967.95 | O13: 2237.62 | P13: 2560.94 | Q13: 2799.88
B14: b) | C14: capital work in progress | M14: 147.3 | N14: 167.5 | O14: 175.13 | P14: 209.09 | Q14: 166.41
B15: c) | C15: investment property | M15: 50.5 | N15: 49.07 | O15: 47.05 | P15: 45.45 | Q15: 43.5
B16: d) | C16: Goodwill | M16: 336.01 | N16: 251.15 | O16: 405.25 | P16: 405.12 | Q16: 405.09
B17: e) | C17: Other intangible assets | M17: 44.71 | N17: 39.73 | O17: 888.73 | P17: 803.49 | Q17: 741.22
B18: f) | C18: Intangible assets under development | P18: 23.14 | Q18: 2.58
B19: g) | C19: Investment in joint venture | M19: 11.27 | N19: 9.47 | O19: 7.84 | P19: 7.33 | Q19: 7.58
B20: h) | C20: Financial assets
C21: (i) | D21: other investment | M21: 3402.35 | N21: 5355.59 | O21: 5520.95 | P21: 5278.76 | Q21: 5372.43
C22: (ii) | D22: others | M22: 88.65 | N22: 23.32 | O22: 30.39 | P22: 20.83 | Q22: 21.39
C23: (iii) | D23: Loans | M23: 22.48
B24: i) | C24: deferred tax assets (net) | M24: 17.95 | N24: 0.67 | O24: 2.09 | P24: 6.32 | Q24: 2.53
B25: i) | C25: Non-current Tax assets (net) | M25: 4.29 | N25: 4.5 | O25: 4.49 | P25: 4.45 | Q25: 0.16
B26: k) | C26: Other non-current assests | M26: 133.98 | N26: 98.74 | O26: 85.87 | P26: 98.14 | Q26: 136.3
B27: Total non-current assets | M27: =SUM(M13:M26) -> 6071.19 | N27: =SUM(N13:N26) -> 7967.69 | O27: =SUM(O13:O26) -> 9405.41 | P27: 9443.06 | Q27: 9699.82
B28: Current assets
B29: a) | C29: Inventories | M29: 1734.28 | N29: 1911.37 | O29: 2024.2 | P29: 1946.97 | Q29: 2300.11
B30: b) | C30: Financial assets
C31: (i) | D31: Investment | M31: 746.01 | N31: 854.56 | O31: 736.47 | P31: 1666.6 | Q31: 2087.55
C32: (ii) | D32: Trade Receivable | M32: 561.58 | N32: 646.15 | O32: 848.75 | P32: 898.72 | Q32: 888.5
C33: (iii) | D33: Cash and cash equivalent | M33: 241.23 | N33: 255.91 | O33: 146.82 | P33: 247.6 | Q33: 184.27
C34: (iv) | D34: Bank Balance other than (iii) above | M34: 1087.8 | N34: 314.23 | O34: 179.1 | P34: 418.76 | Q34: 393.74
C35: (v) | D35: Others | M35: 2.95 | N35: 36.21 | O35: 28.97 | P35: 42.51 | Q35: 44.02
C36: (iv) | D36: Loans | M36: 14.46
B37: c) | C37: Current Tax Assets (net) | M37: 0.24 | N37: 0.64 | O37: 6.43 | P37: 0.08 | Q37: 2.56
B38: d) | C38: Other Current assets | M38: 387.12 | N38: 297.47 | O38: 278.22 | P38: 458.38 | Q38: 631.71
B39: e) | C39: Assets held for sale | M39: 0.27
B40: Total Current assets | M40: =SUM(M29:M39) -> 4775.94 | N40: =SUM(N29:N38) -> 4316.54 | O40: =SUM(O29:O38) -> 4248.96 | P40: 5679.62 | Q40: 6532.46
B41: Total assets | M41: =SUM(M40,M27) -> 10847.13 | N41: =N40+N27 -> 12284.23 | O41: =SUM(O40,O27) -> 13654.37 | P41: 15122.68 | Q41: 16232.28
B42: EQUITY AND LIABILITY
B43: Equity
B44: a) | C44: Equity share capital | M44: 176.74 | N44: 176.79 | O44: 177.18 | P44: 177.2 | Q44: 177.23
B45: b) | C45: Other equity | M45: 7486.79 | N45: 8204.51 | O45: 8796.08 | P45: 9689.1 | Q45: 10623.46
B46: equity attributable to shareholders of the Holding company | M46: =SUM(M44:M45) -> 7663.53 | N46: =SUM(N44:N45) -> 8381.3 | O46: =SUM(O44:O45) -> 8973.26 | P46: 9866.3 | Q46: 10800.69
B47: c) | C47: Non controlling Interest | M47: 36.69 | N47: 40.55 | O47: 468.17 | P47: 436.78 | Q47: 409.57
B48: total equity | M48: =SUM(M46:M47) -> 7700.22 | N48: =SUM(N46:N47) -> 8421.85 | O48: =SUM(O46:O47) -> 9441.43 | P48: 10303.08 | Q48: 11210.26
B49: Liabilties
B50: Non-current lliabilities
B51: a) | C51: Financial liabilities
C52: (i) | D52: Borrowings | M52: 134.13 | N52: 250.36 | O52: 298.84 | P52: 535.97 | Q52: 304.03
C53: (ii) | D53: Lease Liabiilities | N53: 139.58 | O53: 144.36 | P53: 170.27 | Q53: 181.92
C54: (iii) | D54: Other financial liabilities | M54: 1.37 | N54: 4.25 | O54: 4.95 | P54: 5.59 | Q54: 1.91
B55: b) | C55: Provisions | M55: 63.31 | N55: 63.68 | O55: 64.37 | P55: 68.31 | Q55: 71.45
B56: c) | C56: Deferred tax liabilities(net) | M56: 13.91 | N56: 82.27 | O56: 90.99 | P56: 109.03 | Q56: 144.27
B57: Total non-current liabilities | M57: =SUM(M52:M56) -> 212.72 | N57: =SUM(N52:N56) -> 540.14 | O57: =SUM(O52:O56) -> 603.51 | P57: 889.17 | Q57: 703.58
B58: Current liabilities
B59: a) | C59: Financial liabilities | P59: 0
C60: (i) | D60: borrowings | M60: 349.14 | N60: 617.29 | O60: 700.18 | P60: 622.1 | Q60: 426.09
C61: (ii) | D61: Lease Liabiilities | N61: 22.87 | O61: 30.41 | P61: 36.75 | Q61: 38.33
C62: (iii) | D62: trade payables
D63: due to micro and small enterprises | M63: 117.87 | N63: 147.22 | O63: 165.24 | P63: 184.98 | Q63: 132.49
D64: due to others | M64: 1797.39 | N64: 1870.73 | O64: 2021.37 | P64: 2236.73 | Q64: 2692.85
C65: (iv) | D65: Other financial liabilities | M65: 238.93 | N65: 251.95 | O65: 279.84 | P65: 312.6 | Q65: 367.1
B66: b) | C66: other current liabilities | M66: 158.44 | N66: 91.42 | O66: 66.7 | P66: 112.35 | Q66: 134.15
B67: c) | C67: Provisions | M67: 187.84 | N67: 186 | O67: 214.01 | P67: 249.89 | Q67: 260.53
B68: d) | C68: current tax liabilities (net) | M68: 84.58 | N68: 135.06 | O68: 131.68 | P68: 175.03 | Q68: 266.9
B69: TOTAL current liabilities | M69: =SUM(M60:M68) -> 2934.19 | N69: =SUM(N60:N68) -> 3322.54 | O69: =SUM(O60:O68) -> 3609.43 | P69: =SUM(P60:P68) -> 3930.43 | Q69: =SUM(Q60:Q68) -> 4318.44
B70: Total Liabilities | M70: =SUM(M69,M57) -> 3146.91 | N70: =SUM(N69,N57) -> 3862.68 | O70: =SUM(O69,O57) -> 4212.94 | P70: =SUM(P69,P57) -> 4819.6 | Q70: =SUM(Q69,Q57) -> 5022.02
B71: Total equity and liabilities | M71: =SUM(M48,M70) -> 10847.13 | N71: =SUM(N48,N70) -> 12284.53 | O71: =SUM(O48,O70) -> 13654.37 | P71: =SUM(P70,P48) -> 15122.68 | Q71: =SUM(Q70,Q48) -> 16232.28
B72: Material and other accounting policies

Sheet Cash Flow 
B5: Dabur India ltd
C6: DABURINDIA| BSE Code : 524715)
C7: Sector: Fast Moving Consumer Goods
B8: Historical Financial Statement - Dabur India ltd
B9: Income Statement
B10: Particulars | M10: Notes | N10: FY-2021 | O10: FY-2022 | P10: FY-2023 | Q10: FY-2024 | R10: FY-2025
B11: A | C11: CASH FLOW FROM OPERATING ACTIVITIES
C12: profit before Tax | N12: 2056.02 | O12: 2268.68 | P12: 2218.68 | Q12: 2358.74 | R12: 2257.89
C13: Adjustment for :
C14: depriciation and amortisation expenses | N14: 240.13 | O14: 252.89 | P14: 310.96 | Q14: 399.21 | R14: 445.6
C15: Loss/gain on the disposal of property , plant and equipment(net) | N15: 0.37 | O15: 0.62 | P15: -14.41 | Q15: 1.78 | R15: -6.67
C16: Shared based payment expenses | N16: 43.3 | O16: 40.02 | P16: 51.23 | Q16: 50.43 | R16: 13.5
C17: Provision for disputed liability | N17: 13.5 | O17: 11.5 | P17: 12 | Q17: 15 | R17: 10.5
C18: Expected credit loss/impairment of financial and non-financial assets | N18: 5.94 | O18: -7.15 | P18: 0.71 | Q18: 8.14 | R18: 3.81
C19: provision for employee benefits | N19: 15.77 | O19: 2.3 | P19: 16.69 | Q19: 24.83 | R19: 3.14
C20: Finance Costs | N20: 30.81 | O20: 38.6 | P20: 78.24 | Q20: 124.18 | R20: 163.51
C21: unrealised foreign exchange loss/(gain)(net) | N21: 1.11 | O21: -6.25 | P21: -4.28 | Q21: 1.01 | R21: 2.69
C22: interest incomes | N22: -260.78 | O22: -323.34 | P22: -361.13 | Q22: -393.1 | R22: -408.16
C23: Share of loss of joint venture | N23: 1.01 | O23: 1.8 | P23: 1.63 | Q23: 0.51 | R23: -0.55
C24: (gain)/loss on the fair value if financial instrument (net) | N24: 0.76 | O24: -1.29 | P24: 1.26 | Q24: -39.45 | R24: -28.15
C25: Net gain on sale of financial assets measured at FVTPL | N25: -15.82 | O25: -11.15 | P25: -23.65 | Q25: -18.51 | R25: -77.95
C26: Net gain on sale of financial assets measured at FVTPL | N26: -12.26 | O26: -5.02
C27: Net gain on sale of financial assets measured at amortised Cost | N27: -0.42
C28: Effect of exchange rates on translation of operating cashflows | N28: -71.81 | O28: -60.5 | P28: -144.98 | Q28: -126.52 | R28: 23.1
C29: Exceptional Item | O29: 85
C30: Operating Profit before working capital chages and other adjustments | N30: =SUM(N12:N29) -> 2047.63 | O30: =SUM(O12:O29) -> 2286.71 | P30: =SUM(P12:P28) -> 2142.95 | Q30: =SUM(Q12:Q28) -> 2406.25 | R30: =SUM(R12:R28) -> 2402.26
C31: Working capital changes and other adjustments:
C32: Inventories | N32: -354.71 | O32: -177.1 | P32: -96.02 | Q32: 77.24 | R32: -353.14
C33: Trade receivable | N33: 247.79 | O33: -78.37 | P33: -190.79 | Q33: -55.34 | R33: 12.22
C34: curernt and Non- Current financial assets | N34: 0.44 | O34: -18.49 | P34: 19.32 | Q34: -4.92 | R34: 1.46
C35: Other current and non-current assets | N35: 79.83 | O35: 88.48 | P35: 17.39 | Q35: -203.77 | R35: -208.86
C36: Trade payable | N36: 433.78 | O36: 108.01 | P36: 141.3 | Q36: 216.57 | R36: 407.18
C37: other current and non-current financial liabilities | N37: 62.5 | O37: 47.71 | P37: 43.11 | Q37: 26.19 | R37: 97.74
C38: Other current liabilities anf Provisions | N38: -81.27 | O38: -67.02 | P38: -94.38 | Q38: 45.17 | R38: 32.43
C39: Cash Flow from operating activities post working capital changes | N39: =SUM(N30:N38) -> 2435.99 | O39: =SUM(O30:O38) -> 2189.93 | P39: =SUM(P30:P38) -> 1982.88 | Q39: =SUM(Q30:Q38) -> 2507.39 | R39: =SUM(R30:R38) -> 2391.29
C40: Direct taxes paid(net of refund) | N40: -321.32 | O40: -387.6 | P40: -494.45 | Q40: -493.92 | R40: -404.54
C41: Net cash flow from operating activities (A) | N41: =SUM(N39:N40) -> 2114.67 | O41: =SUM(O39:O40) -> 1802.33 | P41: =SUM(P39:P40) -> 1488.43 | Q41: =Q39+Q40 -> 2013.47 | R41: =R39+R40 -> 1986.75
B43: B | C43: CASH FLOW FROM INVESTING ACTIVITIES
C44: Acquisition of property , plant and equipment , capital work in progress and intangible assets | N44: -311.21 | O44: -374.13 | P44: -509.09 | Q44: -563.86 | R44: -569.54
C45: Prceeds from diaposal of property ,plant and equipment | N45: 4.88 | O45: 4.93 | P45: 23.38 | Q45: 2.98 | R45: 30.43
C46: Purchase of Subsidiary | P46: -481.32
C47: Purchase of investment /Bank diposits | N47: -7634.78 | O47: -7506.66 | P47: -4177.43 | Q47: -5142.12 | R47: -6188.4
C48: Proceeds from sales / redemption of Investment /bank deposits | N48: 6273.72 | O48: 6233.61 | P48: 4163.73 | Q48: 4344.31 | R48: 5873.12
C49: interest Received | N49: 261.61 | O49: 366.8 | P49: 394.19 | Q49: 386.95 | R49: 399.28
C50: Net Cash used in Investing activities (B) | N50: =SUM(N44:N49) -> -1405.78 | O50: =SUM(O44:O49) -> -1275.45 | P50: =SUM(P44:P49) -> -586.54 | Q50: =SUM(Q44:Q49) -> -971.74 | R50: =SUM(R44:R49) -> -455.11
B52: C | C52: CASH FLOW FROM FINANCING ACTIVITIES
C53: Proceeds from issue of Equity share capital | N53: 0.03 | O53: 0.05 | P53: 0.39 | Q53: 0.03 | R53: 0.03
C54: Repayment of the non-current borrowing (including current maturity0 | N54: -27.77 | O54: 248.95 | P54: -1.26 | Q54: -11.85 | R54: -261.86
C55: Proceeds of the non-current borrowing | Q55: 248.86 | R55: 29.92
C56: Repayment of current borrowing | P56: 50.05 | Q56: -666.42 | R56: -593.15
C57: Proceeds from current borrowing | N57: 64.65 | O57: 291.85 | P57: -25.47 | Q57: 382.23 | R57: 608.26
C58: principal payment of lease liabilitiees | N58: -27.61 | O58: -25.61 | P58: -10.63 | Q58: -28.94 | R58: -33.91
C59: Interest Payment of lease liabilities | N59: -11.27 | O59: -11.56 | P59: -49.1 | Q59: -12.65 | R59: -15.08
C60: Dividend Paid | N60: -592.09 | O60: -972.32 | P60: -921.31 | Q60: -965.76 | R60: -974.78
C61: Finance costs paid | N61: -19.35 | O61: -21.85 | P61: -77.9 | Q61: -106.68 | R61: -164.77
C62: Net cash Used in financing activities © | N62: =SUM(N53:N61) -> -613.41 | O62: =SUM(O53:O61) -> -490.49 | P62: =SUM(P53:P61) -> -1035.23 | Q62: =SUM(Q53:Q61) -> -1161.18 | R62: =SUM(R53:R61) -> -1405.34
C64: Increase/decrease in cash and cash equivalent (A+B+C) | N64: =N62+N50+N41 -> 95.48 | O64: =O62+O50+O41 -> 36.39 | P64: =P62+P50+P41 -> -133.34 | Q64: =Q62+Q50+Q41 -> -119.45 | R64: =R62+R50+R41 -> 126.3
C65: Cash and Cash equivalent at the beginning of the year | N65: 91.74 | O65: 188.78 | P65: 227.17 | Q65: 97.57 | R65: -21.18
C66: Cash and Cash equivalent acquire in a business Combination | P66: 1.41
C67: Impact of changes in exchange rates. | N67: 1.56 | O67: 2 | P67: 2.34 | Q67: 0.7 | R67: 0.85
C68: Cash and cash equivalent at the end of the year | N68: 188.78 | O68: 227.17 | P68: 97.57 | Q68: -2118 | R68: 111.97
C69: Note:
C70: Cash and cash equivalent (as per note 15 to the fiancial statement ) | N70: 241.23 | O70: 255.91 | P70: 146.82 | Q70: 247.6 | R70: 184.27
C71: Balances with bank in cash credit accounts (refers note 27) | N71: -36.73 | O71: -25.5 | P71: -49.25 | Q71: -268.78 | R71: -71.92
C72: Balances with bank in over draft accounts (refers note 27) | N72: -15.72 | O72: -3.24 | R72: -0.38
C73: Cash and Cash equivalent as per Consolidated Statement of the Cash Flow | N73: 188.78 | O73: 227.17 | P73: 97.57 | Q73: -21.18 | R73: 111.97

Sheet Sstatment of Equity
B2: Consolidated Statement of Change of Equity
B3: For the year ended 31 march 2025
B4: A | C4: Equity Share Capital
B5: Particulars | N5: Number of Shares | P5: Amount
B6: Balance as at 01 April 2023 | N6: 1771763464 | P6: 177.18
B7: Issued during the year | N7: 275698 | P7: 0.03
B8: Balance as at 31 March 2024 | N8: 1772039162 | P8: 177.2
B10: Balance as at 01 April 2024 | N10: 1772039162 | P10: 177.2
B11: Issued during the year | N11: 279090 | P11: 0.03
B12: Balance as at 31 March 2025 | N12: 1772318252 | P12: 177.23
B13: Refer note 20
B14: B. | C14: Other Equity
B15: Particulars | K15: Attributable to Owner of the Holding Company | Q15: total | R15: Attributable | S15: Total
K16: Reserves and Surplus | O16: Other comprehensive | Q16: attributable | R16: to non-
O17: income (OCI) | Q17: to owner | R17: controlling
F18: capital reserve | G18: Securites Premium | H18: Statutory Reserve | I18: Special fund | J18: Employee housing reserve | K18: Share option outstanding account | L18: General reserve | M18: Inflationary Reserve | N18: Retained earning | O18: Foreign currency translation reserve | P18: debt instrument through OCI | Q18: ot the Holding Company | R18: Interest
B20: Balance as at 01 April 2023 | F20: 26.92 | G20: 520.95 | H20: 14.66 | I20: 3.14 | J20: 17.97 | K20: 59.08 | L20: 513.43 | N20: 8125.33 | O20: -373.49 | P20: -111.91 | Q20: 8796.08 | R20: 468.17 | S20: 9264.25
B21: Profit for the year | F21: - | G21: -
B22: Other comprehensive income for the year | F22: -
C23: Re-Measurment loss on defined benefit plans(net of tax of (1.05)crores) | F23: -
C24: Net fair value loss on investment measured through OCI (net of tax of 11.09 crores) | F24: -
C25: Movement in forign currency translation reserve during the year | F25: -
B26: total comprehensive income for the year | F26: -
B27: Recognition of share based payment expenses | F27: -
B28: transfer from share optiom outstanding account on the exercises of options | F28: - | G28: -13.44 | H28: - | I28: - | J28: - | L28: - | M28: - | N28: - | O28: - | P28: - | Q28: - | R28: - | S28: -
B29: transaction with owners in their capacity as Owners | F29: -
C30: Dividend (refer note 46) | F30: -
B31: Hyperinflation Adjustment (refer note 68) | F31: -
B32: Adjustment for amalgamnation adjystment account | F32: -
B33: Balnce as at 31 march 2024

Sheet Fore - P& L
B5: Dabur India ltd
C6: DABURINDIA| BSE Code : 524715)
C7: Sector: Fast Moving Consumer Goods
B8: Historical Financial Statement - Dabur India ltd | T8: Basis of forecasting | U8: Forecasted Financial Statement - Dabur India ltd
B9: Income Statement | U9: Forecasted Income Statement
B10: Particulars | M10: Notes | O10: FY-2021 | P10: FY-2022 | Q10: FY-2023 | R10: FY-2024 | S10: FY-2025 | U10: FY-2026 | V10: FY-2027 | W10: FY-2028 | X10: FY-2029 | Y10: FY-2030
B11: Income
B12: Revenue from operations | O12: 9561.65 | P12: 10888.68 | Q12: 11529.89 | R12: 12404.01 | S12: =12563.09 -> 12563.09 | U12: =S12*(1+$T$13) -> 13819.399 | V12: =U12*(1+$T$13) -> 15201.339 | W12: =V12*(1+$T$13) -> 16721.473 | X12: =W12*(1+$T$13) -> 18393.62 | Y12: =X12*(1+$T$13) -> 20232.982
B13: Growth rate | P13: =P12/O12-1 -> 0.13878672 | Q13: =Q12/P12-1 -> 0.058887762 | R13: =R12/Q12-1 -> 0.075813386 | S13: =S12/R12-1 -> 0.012824885 | T13: 0.1 | AA13: on the basis of MDA report FMCG is projected to grow by 10-15% rate so we have taken company growth rate as 10%
B14: COGS | O14: 4758.86 | P14: 5639.69 | Q14: 6268.67 | R14: 6446.96 | S14: 6507.86 | U14: =U12*$T$15 -> 7284.9006 | V14: =V12*$T$15 -> 8013.3906 | W14: =W12*$T$15 -> 8814.7297 | X14: =X12*$T$15 -> 9696.2026 | Y14: =Y12*$T$15 -> 10665.823 | AA14: COGS will be forecasted as averaeg of margini of COGS in comparisiono of Sales
B15: Margin | O15: =O14/$O$12 -> 0.4977028 | P15: =P14/$P$12 -> 0.51794065 | Q15: =Q14/$Q$12 -> 0.54368862 | R15: =R14/$R$12 -> 0.51974805 | S15: =S14/$S$12 -> 0.51801428 | T15: =AVERAGE(Q15:S15) -> 0.52715032
B16: Gross Profit | O16: =O12-O14 -> 4802.79 | P16: =P12-P14 -> 5248.99 | Q16: =Q12-Q14 -> 5261.22 | R16: =R12-R14 -> 5957.05 | S16: =S12-S14 -> 6055.23 | U16: =U12-U14 -> 6534.4984 | V16: =V12-V14 -> 7187.9483 | W16: =W12-W14 -> 7906.7431 | X16: =X12-X14 -> 8697.4174 | Y16: =Y12-Y14 -> 9567.1592
B17: Margin | O17: =O16/$O$12 -> 0.5022972 | P17: =P16/$P$12 -> 0.48205935 | Q17: =Q16/$Q$12 -> 0.45631138 | R17: =R16/$R$12 -> 0.48025195 | S17: =S16/$S$12 -> 0.48198572
B18: Operating expenses | O18: 2770.01 | P18: 2995.18 | Q18: 3097.1 | R18: 3556.82 | S18: 3711.89 | U18: =U12*$T$19 -> 3919.2849 | V18: =V12*$T$19 -> 4311.2133 | W18: =W12*$T$19 -> 4742.3347 | X18: =X12*$T$19 -> 5216.5681 | Y18: =Y12*$T$19 -> 5738.225 | AA18: Operating expenses will be forecasted on as average of margin of sales of past year
B19: Margin | O19: =O18/$O$12 -> 0.2897 | P19: =P18/$P$12 -> 0.27507283 | Q19: =Q18/$Q$12 -> 0.26861488 | R19: =R18/$R$12 -> 0.28674759 | S19: =S18/$S$12 -> 0.29545995 | T19: =AVERAGE(Q19:S19) -> 0.28360747
B20: EBITDA | O20: =O16-O18 -> 2032.78 | P20: =P16-P18 -> 2253.81 | Q20: =Q16-Q18 -> 2164.12 | R20: =R16-R18 -> 2400.23 | S20: =S16-S18 -> 2343.34 | U20: =U16-U18 -> 2615.2136 | V20: =V16-V18 -> 2876.7349 | W20: =W16-W18 -> 3164.4084 | X20: =X16-X18 -> 3480.8493 | Y20: =Y16-Y18 -> 3828.9342
B21: Margin | O21: =O20/$O$12 -> 0.2125972 | P21: =P20/$P$12 -> 0.20698652 | Q21: =Q20/$Q$12 -> 0.1876965 | R21: =R20/$R$12 -> 0.19350436 | S21: =S20/$S$12 -> 0.18652577
B22: Depreciation an amortaisation expenses | O22: 240.13 | P22: 252.89 | Q22: 310.96 | R22: 399.21 | S22: 445.6 | U22: =-'Fore - Cash Flow'!T44*'Fore - P& L'!$T$23 -> 422.41282 | V22: =-'Fore - Cash Flow'!U44*'Fore - P& L'!$T$23 -> 441.41382 | W22: =-'Fore - Cash Flow'!V44*'Fore - P& L'!$T$23 -> 461.26953 | X22: =-'Fore - Cash Flow'!W44*'Fore - P& L'!$T$23 -> 482.01839 | Y22: =-'Fore - Cash Flow'!X44*'Fore - P& L'!$T$23 -> 503.70057 | AA22: forecasted as average of percentage of capex because company is directly linked to capex
B23: Margin | O23: =O22/'Fore - Cash Flow'!N44 -> -0.77160117 | P23: =P22/'Fore - Cash Flow'!O44 -> -0.67594152 | Q23: =Q22/'Fore - Cash Flow'!P44 -> -0.61081538 | R23: =R22/'Fore - Cash Flow'!Q44 -> -0.70799489 | S23: =S22/'Fore - Cash Flow'!R44 -> -0.78238579 | T23: =AVERAGE(O23:S23) -> -0.70974775
B24: EBIT | O24: =O20-O22 -> 1792.65 | P24: =P20-P22 -> 2000.92 | Q24: =Q20-Q22 -> 1853.16 | R24: =R20-R22 -> 2001.02 | S24: =S20-S22 -> 1897.74 | U24: =U20-U22 -> 2192.8008 | V24: =V20-V22 -> 2435.3211 | W24: =W20-W22 -> 2703.1389 | X24: =X20-X22 -> 2998.8309 | Y24: =Y20-Y22 -> 3325.2336
B25: Margin | O25: =O24/$O$12 -> 0.18748333 | P25: =P24/$P$12 -> 0.18376148 | Q25: =Q24/$Q$12 -> 0.1607266 | R25: =R24/$R$12 -> 0.16132041 | S25: =S24/$S$12 -> 0.15105679
B26: Finance cost | O26: 30.81 | P26: 38.6 | Q26: 78.24 | R26: 124.18 | S26: 163.5 | U26: =U12*$T$27 -> 159.09993 | V26: =V12*$T$27 -> 175.00992 | W26: =W12*$T$27 -> 192.51091 | X26: =X12*$T$27 -> 211.762 | Y26: =Y12*$T$27 -> 232.9382
B27: Margin | O27: =O26/$O$12 -> 0.0032222472 | P27: =P26/$P$12 -> 0.003544966 | Q27: =Q26/$Q$12 -> 0.006785841 | R27: =R26/$R$12 -> 0.010011279 | S27: =S26/$S$12 -> 0.013014314 | T27: =AVERAGE(R27:S27) -> 0.011512796
B28: EBT | O28: =O24-O26 -> 1761.84 | P28: =P24-P26 -> 1962.32 | Q28: =Q24-Q26 -> 1774.92 | R28: =R24-R26 -> 1876.84 | S28: =S24-S26 -> 1734.24 | U28: =U24-U26 -> 2033.7008 | V28: =V24-V26 -> 2260.3112 | W28: =W24-W26 -> 2510.628 | X28: =X24-X26 -> 2787.0689 | Y28: =Y24-Y26 -> 3092.2954
B29: Other Incomes | O29: 325.29 | P29: 393.16 | Q29: 445.39 | R29: 482.41 | S29: 550.1
B30: Share of loss of joint venture | O30: -1.01 | P30: -1.8 | Q30: -1.63 | R30: -0.51 | S30: 0.55
B31: exceptional items | P31: -85
B32: Profit Befor Tax and after Adjustments | O32: =SUM(O28:O31) -> 2086.12 | P32: =SUM(P28:P31) -> 2268.68 | Q32: =SUM(Q28:Q31) -> 2218.68 | R32: =SUM(R28:R31) -> 2358.74 | S32: =SUM(S28:S31) -> 2284.89 | U32: =U28 -> 2033.7008 | V32: =V28 -> 2260.3112 | W32: =W28 -> 2510.628 | X32: =X28 -> 2787.0689 | Y32: =Y28 -> 3092.2954
B33: Tax expenses
B34: Current tax | O34: 363.04 | P34: 442.17 | Q34: 481.63 | R34: 539.53 | S34: 499.06 | T34: 0.25 | U34: =U32*$T$34 -> 508.42521 | V34: =V32*$T$34 -> 565.0778 | W34: =W32*$T$34 -> 627.657 | X34: =X32*$T$34 -> 696.76722 | Y34: =Y32*$T$34 -> 773.07386
B35: Defrred tax | O35: -1.97 | P35: 84.21 | Q35: 35.72 | R35: 7.9 | S35: 18.41
B36: Total tax Expense | O36: =SUM(O34:O35) -> 361.07 | P36: =SUM(P34:P35) -> 526.38 | Q36: =SUM(Q34:Q35) -> 517.35 | R36: 547.43 | S36: 517.47
B37: Net profit for the year | O37: =O32-O36 -> 1725.05 | P37: =P32-P36 -> 1742.3 | Q37: =Q32-Q36 -> 1701.33 | R37: =R32-R36 -> 1811.31 | S37: =S32-S36 -> 1767.42 | U37: =U32-U34 -> 1525.2756 | V37: =V32-V34 -> 1695.2334 | W37: =W32-W34 -> 1882.971 | X37: =X32-X34 -> 2090.3017 | Y37: =Y32-Y34 -> 2319.2216
B38: Margin | O38: =O37/$O$12 -> 0.18041342 | P38: =P37/$P$12 -> 0.16001021 | Q38: =Q37/$Q$12 -> 0.14755822 | R38: =R37/$R$12 -> 0.14602616 | S38: =S37/$S$12 -> 0.14068354
B39: Other comprensive Income
B40: A | C40: (i) | D40: items that wil not be reclassified to profit and loss | O40: 6.6 | P40: 15.27 | Q40: -2.21 | R40: -2.93 | S40: 4.75
C41: (ii) | D41: Income tax relating to items that will not be reclassified to profit or loss | O41: -2.4 | P41: -7.55 | Q41: 0.77 | R41: 1.05 | S41: -1.65
B42: B | C42: (i) | D42: items that wil be reclassified to profit and loss | O42: -98.66 | P42: -106.97 | Q42: -247.93 | R42: -78.91 | S42: 105.09
C43: (ii) | D43: Income tax relating to items that will be reclassified to profit or loss | O43: 6.25 | P43: 10.83 | Q43: 23.98 | R43: -11.09 | S43: -19.1
B44: Total Other comprehensive income | O44: =SUM(O40:O43) -> -88.21 | P44: =SUM(P40:P43) -> -88.42 | Q44: =SUM(Q40:Q43) -> -225.39 | R44: -91.88 | S44: 89.09
B45: Total comprehensive income for the year | O45: =SUM(O37,O44) -> 1636.84 | P45: =SUM(P37,P44) -> 1653.88 | Q45: =SUM(Q37,Q44) -> 1475.94 | R45: 1719.43 | S45: 1829.51
B46: Net profit attribute to:
C47: owner of the holding company | O47: 1693.3 | P47: 1739.22 | Q47: 1707.15 | R47: 1842.68 | S47: 1767.63
C48: Non-controlling interest | O48: 1.65 | P48: 3.08 | Q48: -5.82 | R48: -31.37 | S48: -27.21
B49: Other comprehensive income attribute to :
C50: owner of the holding company | O50: -86.79 | P50: -89.2 | Q50: -225.49 | R50: -91.86 | S50: 89.09
C51: Non-controlling interest | O51: -1.42 | P51: 0.78 | Q51: 0.11 | R51: -0.02
B52: Total comprehensive income attribute to :
C53: owner of the holding company | O53: 1606.51 | P53: 1650.02 | Q53: 1481.66 | R53: 1750.82 | S53: 1856.72
C54: Non-controlling interest | O54: 0.23 | P54: 3.86 | Q54: -5.72 | R54: -31.39 | S54: -27.21
B55: Earning per equity share
B56: Basic | O56: 9.58 | P56: 9.84 | Q56: 9.64 | R56: 10.4 | S56: 9.97
B57: Diluted | O57: 9.55 | P57: 9.81 | Q57: 9.61 | R57: 10.38 | S57: 9.95
B58: Material and other accounting policies

Sheet Fore - Balan
B5: Dabur India ltd
B6: DABURINDIA| BSE Code : 524715)
B7: Sector: Fast Moving Consumer Goods
B8: Historical Financial Statement - Dabur India ltd | R8: Basis of forecasting | S8: Forecasted Financial Statement - Dabur India ltd
B9: Balancesheet | S9: Forecasted Balancesheet
B10: Particulars | K10: Notes | M10: FY-2021 | N10: FY-2022 | O10: FY-2023 | P10: FY-2024 | Q10: FY-2025 | S10: FY-2026 | T10: FY-2027 | U10: FY-2028 | V10: FY-2029 | W10: FY-2030
B11: ASSETS
B12: Non-current asssets
B13: a) | C13: property ,plant and equipment | M13: 1811.7 | N13: 1967.95 | O13: 2237.62 | P13: 2560.94 | Q13: 2799.88 | S13: =Q13+'Fore - Cash Flow'!T44-'Fore - Cash Flow'!T14 -> 2972.6263 | T13: =S13+'Fore - Cash Flow'!U44-'Fore - Cash Flow'!U14 -> 3153.143 | U13: =T13+'Fore - Cash Flow'!V44-'Fore - Cash Flow'!V14 -> 3341.7798 | V13: =U13+'Fore - Cash Flow'!W44-'Fore - Cash Flow'!W14 -> 3538.9018 | W13: =V13+'Fore - Cash Flow'!X44-'Fore - Cash Flow'!X14 -> 3744.8908
C14: Margin | M14: =M13/$M$59 -> 0.16700597 | N14: =N13/$N$59 -> 0.16018872 | O14: =O13/$O$59 -> 0.16386407 | P14: =P13/$P$59 -> 0.16934432 | Q14: =Q13/$Q$59 -> 0.1724884 | R14: Assumption - 1
B15: b) | C15: capital work in progress | M15: 147.3 | N15: 167.5 | O15: 175.13 | P15: 209.09 | Q15: 166.41 | S15: =Q15*(1+R16) -> 173.89547 | T15: =S15*(1+$R$16) -> 181.71764 | U15: =T15*(1+$R$16) -> 189.89168 | V15: =U15*(1+$R$16) -> 198.4334 | W15: =V15*(1+$R$16) -> 207.35934
C16: Margin | M16: =M15/$M$59 -> 0.013578395 | N16: =N15/$N$59 -> 0.013634295 | O16: =O15/$O$59 -> 0.012825017 | P16: =P15/$P$59 -> 0.013826253 | Q16: =Q15/$Q$59 -> 0.010251795 | R16: =-'Fore - Cash Flow'!$S$45 -> 0.044982067
B17: c) | C17: investment property | M17: 50.5 | N17: 49.07 | O17: 47.05 | P17: 45.45 | Q17: 43.5 | S17: 43.5 | T17: 43.5 | U17: 43.5 | V17: 43.5 | W17: 43.5
C18: Margin | M18: =M17/$M$59 -> 0.0046551864 | N18: =N17/$N$59 -> 0.0039942379 | O18: =O17/$O$59 -> 0.0034455378 | P18: =P17/$P$59 -> 0.0030054197 | Q18: =Q17/$Q$59 -> 0.0026798453 | R18: Constant
B19: d) | C19: Goodwill | M19: 336.01 | N19: 251.15 | O19: 405.25 | P19: 405.12 | Q19: 405.09 | S19: 405.09 | T19: 405.09 | U19: 405.09 | V19: 405.09 | W19: 405.09
C20: Margin | M20: =M19/$M$59 -> 0.030974043 | N20: =N19/$N$59 -> 0.020443302 | O20: =O19/$O$59 -> 0.029677029 | P20: =P19/$P$59 -> 0.026788902 | Q20: =Q19/$Q$59 -> 0.024955829 | R20: Constant
B21: e) | C21: Other intangible assets | M21: 44.71 | N21: 39.73 | O21: 888.73 | P21: 803.49 | Q21: 741.22 | S21: 741.22 | T21: 741.22 | U21: 741.22 | V21: 741.22 | W21: 741.22
C22: Margin | M22: =M21/$M$59 -> 0.0041214532 | N22: =N21/$N$59 -> 0.0032339733 | O22: =O21/$O$59 -> 0.065082951 | P22: =P21/$P$59 -> 0.053131456 | Q22: =Q21/$Q$59 -> 0.045663333 | R22: Constant
B23: f) | C23: Intangible assets under development | P23: 23.14 | Q23: 2.58 | S23: -- | T23: -- | U23: -- | V23: -- | W23: --
C24: Margin | P24: =P23/$P$59 -> 0.0015301521 | Q24: =Q23/$Q$59 -> 0.00015894255 | R24: Can not
B25: g) | C25: Investment in joint venture | M25: 11.27 | N25: 9.47 | O25: 7.84 | P25: 7.33 | Q25: 7.58 | S25: 7.58 | T25: 7.58 | U25: 7.58 | V25: 7.58 | W25: 7.58
C26: Margin | M26: =M25/$M$59 -> 0.0010388901 | N26: =N25/$N$59 -> 0.00077084639 | O26: =O25/$O$59 -> 0.00057413425 | P26: =P25/$P$59 -> 0.00048470245 | Q26: =Q25/$Q$59 -> 0.00046697075 | R26: Constant
B27: h) | C27: Financial assets
C28: (i) | D28: other investment | M28: 3402.35 | N28: 5355.59 | O28: 5520.95 | P28: 5278.76 | Q28: 5372.43 | S28: 5372.43 | T28: 5372.43 | U28: 5372.43 | V28: 5372.43 | W28: 5372.43
C29: (ii) | D29: others | M29: 88.65 | N29: 23.32 | O29: 30.39 | P29: 20.83 | Q29: 21.39 | S29: 21.39 | T29: 21.39 | U29: 21.39 | V29: 21.39 | W29: 21.39
C30: (iii) | D30: Loans | M30: 22.48
C31: Margin | M31: =(M29+M30+M28)/$M$59 -> 0.3238793 | N31: =(N30+N29+N28)/$N$59 -> 0.43783668 | O31: =(O30+O29+O28)/$O$59 -> 0.40653245 | P31: =(P30+P29+P28)/$P$59 -> 0.35043987 | Q31: =(Q30+Q29+Q28)/$Q$59 -> 0.33228973 | R31: Constant
B32: i) | C32: deferred tax assets (net) | M32: 17.95 | N32: 0.67 | O32: 2.09 | P32: 6.32 | Q32: 2.53
B33: i) | C33: Non-current Tax assets (net) | M33: 4.29 | N33: 4.5 | O33: 4.49 | P33: 4.45 | Q33: 0.16
B34: k) | C34: Other non-current assests | M34: 133.98 | N34: 98.74 | O34: 85.87 | P34: 98.14 | Q34: 136.3
B35: Total non-current assets | M35: =SUM(M13:M34) -> 6071.7353 | N35: =SUM(N13:N34) -> 7968.3301 | O35: =SUM(O13:O34) -> 9406.092 | P35: 9443.06 | Q35: 9699.82
B36: Current assets
B37: a) | C37: Inventories | M37: 1734.28 | N37: 1911.37 | O37: 2024.2 | P37: 1946.97 | Q37: 2300.11 | S37: =RATIOS!$N$103/365*'Fore - P& L'!U14 -> 2694.4153 | T37: =RATIOS!$N$103/365*'Fore - P& L'!V14 -> 2963.8568 | U37: =RATIOS!$N$103/365*'Fore - P& L'!W14 -> 3260.2425 | V37: =RATIOS!$N$103/365*'Fore - P& L'!X14 -> 3586.2667 | W37: =RATIOS!$N$103/365*'Fore - P& L'!Y14 -> 3944.8934
C38: Margin | M38: =M37/$M$59 -> 0.15986924 | N38: =N37/$N$59 -> 0.15558318 | O38: =O37/$O$59 -> 0.14823502 | P38: =P37/$P$59 -> 0.12874504 | Q38: =Q37/$Q$59 -> 0.14169975 | R38: DIO
B39: b) | C39: Financial assets
C40: (i) | D40: Investment | M40: 746.01 | N40: 854.56 | O40: 736.47 | P40: 1666.6 | Q40: 2087.55
D41: Margin | M41: =M40/$M$59 -> 0.068768626 | N41: =N40/$N$59 -> 0.069560137 | O41: =O40/$O$59 -> 0.053932736 | P41: =P40/$P$59 -> 0.11020533 | Q41: =Q40/$Q$59 -> 0.12860485
C42: (ii) | D42: Trade Receivable | M42: 561.58 | N42: 646.15 | O42: 848.75 | P42: 898.72 | Q42: 888.5 | S42: =RATIOS!$N$102/365*'Fore - P& L'!U12 -> 946.53418 | T42: =RATIOS!$N$102/365*'Fore - P& L'!V12 -> 1041.1876 | U42: =RATIOS!$N$102/365*'Fore - P& L'!W12 -> 1145.3064 | V42: =RATIOS!$N$102/365*'Fore - P& L'!X12 -> 1259.837 | W42: =RATIOS!$N$102/365*'Fore - P& L'!Y12 -> 1385.8207
D43: Margin | M43: =M42/$M$59 -> 0.051767517 | N43: =N42/$N$59 -> 0.052595818 | O43: =O42/$O$59 -> 0.062155159 | P43: =P42/$P$59 -> 0.05942862 | Q43: =Q42/$Q$59 -> 0.054736611 | R43: DSO
C44: (iii) | D44: Cash and cash equivalent | M44: 241.23 | N44: 255.91 | O44: 146.82 | P44: 247.6 | Q44: 184.27 | S44: =S59*$R$45 -> 186.69923 | T44: =T59*$R$45 -> 194.03778 | U44: =U59*$R$45 -> 201.97254 | V44: =V59*$R$45 -> 210.55693 | W44: =W59*$R$45 -> 219.84944
D45: Margin | M45: =M44/$M$59 -> 0.022237042 | N45: =N44/$N$59 -> 0.02083076 | O45: =O44/$O$59 -> 0.010751836 | P45: =P44/$P$59 -> 0.016372759 | Q45: =Q44/$Q$59 -> 0.011352071 | R45: =AVERAGE(O45:Q45) -> 0.012825555
C46: (iv) | D46: Bank Balance other than (iii) above | M46: 1087.8 | N46: 314.23 | O46: 179.1 | P46: 418.76 | Q46: 393.74 | S46: =S59*$R$47 -> 315.70436 | T46: =T59*$R$47 -> 328.11369 | U46: =U59*$R$47 -> 341.53119 | V46: =V59*$R$47 -> 356.0472 | W46: =W59*$R$47 -> 371.76064
D47: Margin | M47: =M46/$M$59 -> 0.10027548 | N47: =N46/$N$59 -> 0.025577937 | O47: =O46/$O$59 -> 0.013115745 | P47: =P46/$P$59 -> 0.027690859 | Q47: =Q46/$Q$59 -> 0.024256605 | R47: =AVERAGE(O47:Q47) -> 0.021687736
C48: (v) | D48: Others | M48: 2.95 | N48: 36.21 | O48: 28.97 | P48: 42.51 | Q48: 44.02 | S48: 44.02 | T48: 44.02 | U48: 44.02 | V48: 44.02 | W48: 44.02
D49: Margin | M49: =M48/$M$59 -> 0.00027193663 | N49: =N48/$N$59 -> 0.0029474496 | O49: =O48/$O$59 -> 0.0021215139 | P49: =P48/$P$59 -> 0.0028110097 | Q49: =Q48/$Q$59 -> 0.0027118803 | R49: Constant
C50: (iv) | D50: Loans | M50: 14.46
D51: Margin | M51: =M50/$M$59 -> 0.0013329504 | N51: =N50/$N$59 -> 0 | O51: =O50/$O$59 -> 0 | P51: =P50/$P$59 -> 0 | Q51: =Q50/$Q$59 -> 0
B52: c) | C52: Current Tax Assets (net) | M52: 0.24 | N52: 0.64 | O52: 6.43 | P52: 0.08 | Q52: 2.56 | R52: can not
C53: Margin | M53: =M52/$M$59 -> 2.2123658e-05 | N53: =N52/$N$59 -> 5.2095216e-05 | O53: =O52/$O$59 -> 0.00047087796 | P53: =P52/$P$59 -> 5.2900676e-06 | Q53: =Q52/$Q$59 -> 0.00015771044
B54: d) | C54: Other Current assets | M54: 387.12 | N54: 297.47 | O54: 278.22 | P54: 458.38 | Q54: 631.71 | S54: 631.71 | T54: 631.71 | U54: 631.71 | V54: 631.71 | W54: 631.71
C55: Margin | M55: =M54/$M$59 -> 0.035685461 | N55: =N54/$N$59 -> 0.024213693 | O55: =O54/$O$59 -> 0.020374443 | P55: =P54/$P$59 -> 0.030310765 | Q55: =Q54/$Q$59 -> 0.038916899 | R55: Constant
B56: e) | C56: Assets held for sale | M56: 0.27
C57: Margin
B58: Total Current assets | M58: =SUM(M37:M56) -> 4776.3802 | N58: =SUM(N37:N54) -> 4316.8671 | O58: =SUM(O37:O54) -> 4249.2508 | P58: 5679.62 | Q58: 6532.46
B59: Total assets | M59: =SUM(M58,M35) -> 10848.115 | N59: =N58+N35 -> 12285.197 | O59: =SUM(O58,O35) -> 13655.343 | P59: 15122.68 | Q59: 16232.28 | S59: =SUM(S13:S54) -> 14556.815 | T59: =SUM(T13:T54) -> 15128.997 | U59: =SUM(U13:U54) -> 15747.664 | V59: =SUM(V13:V54) -> 16416.983 | W59: =SUM(W13:W54) -> 17141.514
B60: EQUITY AND LIABILITY
B61: Equity
B62: a) | C62: Equity share capital | M62: 176.74 | N62: 176.79 | O62: 177.18 | P62: 177.2 | Q62: 177.23 | S62: 177.23 | T62: 177.23 | U62: 177.23 | V62: 177.23 | W62: 177.23
B63: b) | C63: Other equity | M63: 7486.79 | N63: 8204.51 | O63: 8796.08 | P63: 9689.1 | Q63: 10623.46 | R63: 0.1 | S63: =Q63*(1+$R$63) -> 11685.806 | T63: =S63*(1+$R$63) -> 12854.387 | U63: =T63*(1+$R$63) -> 14139.825 | V63: =U63*(1+$R$63) -> 15553.808 | W63: =V63*(1+$R$63) -> 17109.189
B64: equity attributable to shareholders of the Holding company | M64: =SUM(M62:M63) -> 7663.53 | N64: =SUM(N62:N63) -> 8381.3 | O64: =SUM(O62:O63) -> 8973.26 | P64: 9866.3 | Q64: 10800.69 | S64: =S63+S62 -> 11863.036 | T64: =T63+T62 -> 13031.617 | U64: =U63+U62 -> 14317.055 | V64: =V63+V62 -> 15731.038 | W64: =W63+W62 -> 17286.419
C65: Margin | M65: =M64/$M$59 -> 0.70643883 | N65: =N64/$N$59 -> 0.68222755 | O65: =O64/$O$59 -> 0.65712448 | P65: =P64/$P$59 -> 0.65241743 | Q65: =Q64/$Q$59 -> 0.66538342
B66: c) | C66: Non controlling Interest | M66: 36.69 | N66: 40.55 | O66: 468.17 | P66: 436.78 | Q66: 409.57 | S66: 409.57 | T66: 409.57 | U66: 409.57 | V66: 409.57 | W66: 409.57
C67: Margin | M67: =M66/$M$59 -> 0.0033821543 | N67: =N66/$N$59 -> 0.0033007203 | O67: =O66/$O$59 -> 0.034284749 | P67: =P66/$P$59 -> 0.028882447 | Q67: =Q66/$Q$59 -> 0.025231822
B68: total equity | M68: =SUM(M64:M66) -> 7700.9264 | N68: =SUM(N64:N66) -> 8422.5322 | O68: =SUM(O64:O66) -> 9442.0871 | P68: 10303.08 | Q68: 11210.26
B69: Liabilties
B70: Non-current lliabilities
B71: a) | C71: Financial liabilities
C72: (i) | D72: Borrowings | M72: 134.13 | N72: 250.36 | O72: 298.84 | P72: 535.97 | Q72: 304.03 | S72: =S59*$R$73 -> 291.1363 | T72: =T59*$R$73 -> 302.57993 | U72: =U59*$R$73 -> 314.95328 | V72: =V59*$R$73 -> 328.33966 | W72: =W59*$R$73 -> 342.83029
D73: Margin | M73: =M72/$M$59 -> 0.01236436 | N73: =N72/$N$59 -> 0.020378997 | O73: =O72/$O$59 -> 0.021884474 | P73: =P72/$P$59 -> 0.035441469 | Q73: =Q72/$Q$59 -> 0.018729963 | R73: 0.02
C74: (ii) | D74: Lease Liabiilities | N74: 139.58 | O74: 144.36 | P74: 170.27 | Q74: 181.92 | S74: =S59*$R$75 -> 174.68178 | T74: =T59*$R$75 -> 181.54796 | U74: =U59*$R$75 -> 188.97197 | V74: =V59*$R$75 -> 197.0038 | W74: =W59*$R$75 -> 205.69817
D75: Margin | M75: =M74/$M$59 -> 0 | N75: =N74/$N$59 -> 0.011361641 | O75: =O74/$O$59 -> 0.010571686 | P75: =P74/$P$59 -> 0.011259248 | Q75: =Q74/$Q$59 -> 0.011207298 | R75: 0.012
C76: (iii) | D76: Other financial liabilities | M76: 1.37 | N76: 4.25 | O76: 4.95 | P76: 5.59 | Q76: 1.91
D77: Margin | M77: =M76/$M$59 -> 0.00012628922 | N77: =N76/$N$59 -> 0.00034594479 | O77: =O76/$O$59 -> 0.00036249548 | P77: =P76/$P$59 -> 0.00036964348 | Q77: =Q76/$Q$59 -> 0.00011766677
B78: b) | C78: Provisions | M78: 63.31 | N78: 63.68 | O78: 64.37 | P78: 68.31 | Q78: 71.45 | S78: 71.45 | T78: 71.45 | U78: 71.45 | V78: 71.45 | W78: 71.45
C79: Margin | M79: =M78/$M$59 -> 0.0058360367 | N79: =N78/$N$59 -> 0.005183474 | O79: =O78/$O$59 -> 0.0047139058 | P79: =P78/$P$59 -> 0.0045170565 | Q79: =Q78/$Q$59 -> 0.004401723
B80: c) | C80: Deferred tax liabilities(net) | M80: 13.91 | N80: 82.27 | O80: 90.99 | P80: 109.03 | Q80: 144.27
B81: Total non-current liabilities | M81: =SUM(M72:M80) -> 212.73833 | N81: =SUM(N72:N80) -> 540.17727 | O81: =SUM(O72:O80) -> 603.54753 | P81: 889.17 | Q81: 703.58
B82: Current liabilities
B83: a) | C83: Financial liabilities
C84: (i) | D84: borrowings | M84: 349.14 | N84: 617.29 | O84: 700.18 | P84: 622.1 | Q84: 426.09 | S84: =S59*$R$85 -> 436.70444 | T84: =T59*$R$85 -> 453.8699 | U84: =U59*$R$85 -> 472.42992 | V84: =V59*$R$85 -> 492.50949 | W84: =W59*$R$85 -> 514.24543
D85: Margin | M85: =M84/$M$59 -> 0.032184392 | N85: =N84/$N$59 -> 0.050246649 | O85: =O84/$O$59 -> 0.051275168 | P85: =P84/$P$59 -> 0.041136888 | Q85: =Q84/$Q$59 -> 0.026249547 | R85: 0.03
C86: (ii) | D86: Lease Liabiilities | N86: 22.87 | O86: 30.41 | P86: 36.75 | Q86: 38.33 | S86: =S59*$R$87 -> 32.024993 | T86: =T59*$R$87 -> 33.283792 | U86: =U59*$R$87 -> 34.644861 | V86: =V59*$R$87 -> 36.117363 | W86: =W59*$R$87 -> 37.711332
D87: Margin | M87: =M86/$M$59 -> 0 | N87: =N86/$N$59 -> 0.00186159 | O87: =O86/$O$59 -> 0.0022269672 | P87: =P86/$P$59 -> 0.0024301248 | Q87: =Q86/$Q$59 -> 0.0023613442 | R87: 0.0022
C88: (iii) | D88: trade payables | S88: =RATIOS!$N$104/365*'Fore - P& L'!U14 -> 3392.9674 | T88: =RATIOS!$N$104/365*'Fore - P& L'!V14 -> 3732.2641 | U88: =RATIOS!$N$104/365*'Fore - P& L'!W14 -> 4105.4905 | V88: =RATIOS!$N$104/365*'Fore - P& L'!X14 -> 4516.0396 | W88: =RATIOS!$N$104/365*'Fore - P& L'!Y14 -> 4967.6435
D89: due to micro and small enterprises | M89: 117.87 | N89: 147.22 | O89: 165.24 | P89: 184.98 | Q89: 132.49
D90: due to others | M90: 1797.39 | N90: 1870.73 | O90: 2021.37 | P90: 2236.73 | Q90: 2692.85
D91: Margin | M91: =(M89+M90)/M59 -> 0.17655232 | N91: =(N89+N90)/N59 -> 0.16425866 | O91: =(O89+O90)/O59 -> 0.16012853 | P91: =(P89+P90)/P59 -> 0.16013762 | Q91: =(Q89+Q90)/Q59 -> 0.17405688 | R91: DPO
C92: (iv) | D92: Other financial liabilities | M92: 238.93 | N92: 251.95 | O92: 279.84 | P92: 312.6 | Q92: 367.1 | S92: 367.1 | T92: 367.1 | U92: 367.1 | V92: 367.1 | W92: 367.1
D93: Margin | M93: =M92/$M$59 -> 0.022025024 | N93: =N92/$N$59 -> 0.020508421 | O93: =O92/$O$59 -> 0.020493078 | P93: =P92/$P$59 -> 0.020670939 | Q93: =Q92/$Q$59 -> 0.02261543
B94: b) | C94: other current liabilities | M94: 158.44 | N94: 91.42 | O94: 66.7 | P94: 112.35 | Q94: 134.15 | S94: 134.15 | T94: 134.15 | U94: 134.15 | V94: 134.15 | W94: 134.15
C95: Margin | M95: =M94/$M$59 -> 0.014605302 | N95: =N94/$N$59 -> 0.007441476 | O95: =O94/$O$59 -> 0.004884535 | P95: =P94/$P$59 -> 0.0074292387 | Q95: =Q94/$Q$59 -> 0.0082643966
B96: c) | C96: Provisions | M96: 187.84 | N96: 186 | O96: 214.01 | P96: 249.89 | Q96: 260.53 | S96: 260.53 | T96: 260.53 | U96: 260.53 | V96: 260.53 | W96: 260.53
C97: Margin | M97: =M96/$M$59 -> 0.01731545 | N97: =N96/$N$59 -> 0.015140172 | O97: =O96/$O$59 -> 0.015672254 | P97: =P96/$P$59 -> 0.016524188 | Q97: =Q96/$Q$59 -> 0.016050117
B98: d) | C98: current tax liabilities (net) | M98: 84.58 | N98: 135.06 | O98: 131.68 | P98: 175.03 | Q98: 266.9 | S98: 266.9 | T98: 266.9 | U98: 266.9 | V98: 266.9 | W98: 266.9
B99: TOTAL current liabilities | M99: =SUM(M84:M98) -> 2934.4527 | N99: =SUM(N84:N98) -> 3322.7995 | O99: =SUM(O84:O98) -> 3609.6847 | P99: =SUM(P84:P98) -> 3930.6783 | Q99: =SUM(Q84:Q98) -> 4318.6896
B100: Total Liabilities | M100: =SUM(M99,M81) -> 3147.191 | N100: =SUM(N99,N81) -> 3862.9767 | O100: =SUM(O99,O81) -> 4213.2322 | P100: =SUM(P99,P81) -> 4819.8483 | Q100: =SUM(Q99,Q81) -> 5022.2696
B101: Total equity and liabilities | M101: =SUM(M68,M100) -> 10848.117 | N101: =SUM(N68,N100) -> 12285.509 | O101: =SUM(O68,O100) -> 13655.319 | P101: =SUM(P100,P68) -> 15122.928 | Q101: =SUM(Q100,Q68) -> 16232.53
B102: Material and other accounting policies
B106: Property, plant & equipment = Prior year PPE + Capex – Depreciation.
B107: Capital work in progress = assume proportion of new Capex.
...

Sheet Fore - Cash Flow
B5: Dabur India ltd
C6: DABURINDIA| BSE Code : 524715)
C7: Sector: Fast Moving Consumer Goods
B8: Historical Financial Statement - Dabur India ltd | S8: Basis of forecasting | T8: Forecasted Financial Statement - Dabur India ltd
B9: Income Statement | T9: Forecasted Cashflow
B10: Particulars | M10: Notes | N10: FY-2021 | O10: FY-2022 | P10: FY-2023 | Q10: FY-2024 | R10: FY-2025 | T10: FY-2026 | U10: FY-2027 | V10: FY-2028 | W10: FY-2029 | X10: FY-2030
B11: A | C11: CASH FLOW FROM OPERATING ACTIVITIES
C12: profit before Tax | N12: 2056.02 | O12: 2268.68 | P12: 2218.68 | Q12: 2358.74 | R12: 2257.89 | T12: ='Fore - P& L'!U32 -> 2033.7008 | U12: ='Fore - P& L'!V32 -> 2260.3112 | V12: ='Fore - P& L'!W32 -> 2510.628 | W12: ='Fore - P& L'!X32 -> 2787.0689 | X12: ='Fore - P& L'!Y32 -> 3092.2954
C13: Adjustment for :
C14: depriciation and amortisation expenses | N14: 240.13 | O14: 252.89 | P14: 310.96 | Q14: 399.21 | R14: 445.6 | S14: % of Sales | T14: ='Fore - P& L'!U22 -> 422.41282 | U14: ='Fore - P& L'!V22 -> 441.41382 | V14: ='Fore - P& L'!W22 -> 461.26953 | W14: ='Fore - P& L'!X22 -> 482.01839 | X14: ='Fore - P& L'!Y22 -> 503.70057
C15: Loss/gain on the disposal of property , plant and equipment(net) | N15: 0.37 | O15: 0.62 | P15: -14.41 | Q15: 1.78 | R15: -6.67 | S15: NA
C16: Shared based payment expenses | N16: 43.3 | O16: 40.02 | P16: 51.23 | Q16: 50.43 | R16: 13.5 | S16: NA
C17: Provision for disputed liability | N17: 13.5 | O17: 11.5 | P17: 12 | Q17: 15 | R17: 10.5 | S17: NA
C18: Expected credit loss/impairment of financial and non-financial assets | N18: 5.94 | O18: -7.15 | P18: 0.71 | Q18: 8.14 | R18: 3.81 | S18: NA
C19: provision for employee benefits | N19: 15.77 | O19: 2.3 | P19: 16.69 | Q19: 24.83 | R19: 3.14 | S19: NA
C20: Finance Costs | N20: 30.81 | O20: 38.6 | P20: 78.24 | Q20: 124.18 | R20: 163.51 | S20: P&L | T20: ='Fore - P& L'!U26 -> 159.09993 | U20: ='Fore - P& L'!V26 -> 175.00992 | V20: ='Fore - P& L'!W26 -> 192.51091 | W20: ='Fore - P& L'!X26 -> 211.762 | X20: ='Fore - P& L'!Y26 -> 232.9382
C21: unrealised foreign exchange loss/(gain)(net) | N21: 1.11 | O21: -6.25 | P21: -4.28 | Q21: 1.01 | R21: 2.69 | S21: NA
C22: interest incomes | N22: -260.78 | O22: -323.34 | P22: -361.13 | Q22: -393.1 | R22: -408.16 | S22: NA
C23: Share of loss of joint venture | N23: 1.01 | O23: 1.8 | P23: 1.63 | Q23: 0.51 | R23: -0.55 | S23: NA
C24: (gain)/loss on the fair value if financial instrument (net) | N24: 0.76 | O24: -1.29 | P24: 1.26 | Q24: -39.45 | R24: -28.15 | S24: NA
C25: Net gain on sale of financial assets measured at FVTPL | N25: -15.82 | O25: -11.15 | P25: -23.65 | Q25: -18.51 | R25: -77.95 | S25: NA
C26: Net gain on sale of financial assets measured at FVTPL | N26: -12.26 | O26: -5.02 | S26: NA
C27: Net gain on sale of financial assets measured at amortised Cost | N27: -0.42 | S27: NA
C28: Effect of exchange rates on translation of operating cashflows | N28: -71.81 | O28: -60.5 | P28: -144.98 | Q28: -126.52 | R28: 23.1 | S28: NA
C29: Exceptional Item | O29: 85 | S29: NA
C30: Operating Profit before working capital chages and other adjustments | N30: =SUM(N12:N29) -> 2047.63 | O30: =SUM(O12:O29) -> 2286.71 | P30: =SUM(P12:P28) -> 2142.95 | Q30: =SUM(Q12:Q28) -> 2406.25 | R30: =SUM(R12:R28) -> 2402.26
C31: Working capital changes and other adjustments:
C32: Inventories | N32: -354.71 | O32: -177.1 | P32: -96.02 | Q32: 77.24 | R32: -353.14
C33: Trade receivable | N33: 247.79 | O33: -78.37 | P33: -190.79 | Q33: -55.34 | R33: 12.22
C34: curernt and Non- Current financial assets | N34: 0.44 | O34: -18.49 | P34: 19.32 | Q34: -4.92 | R34: 1.46
C35: Other current and non-current assets | N35: 79.83 | O35: 88.48 | P35: 17.39 | Q35: -203.77 | R35: -208.86
C36: Trade payable | N36: 433.78 | O36: 108.01 | P36: 141.3 | Q36: 216.57 | R36: 407.18
C37: other current and non-current financial liabilities | N37: 62.5 | O37: 47.71 | P37: 43.11 | Q37: 26.19 | R37: 97.74
C38: Other current liabilities anf Provisions | N38: -81.27 | O38: -67.02 | P38: -94.38 | Q38: 45.17 | R38: 32.43
C39: Cash Flow from operating activities post working capital changes | N39: =SUM(N30:N38) -> 2435.99 | O39: =SUM(O30:O38) -> 2189.93 | P39: =SUM(P30:P38) -> 1982.88 | Q39: =SUM(Q30:Q38) -> 2507.39 | R39: =SUM(R30:R38) -> 2391.29
C40: Direct taxes paid(net of refund) | N40: -321.32 | O40: -387.6 | P40: -494.45 | Q40: -493.92 | R40: -404.54
C41: Net cash flow from operating activities (A) | N41: =SUM(N39:N40) -> 2114.67 | O41: =SUM(O39:O40) -> 1802.33 | P41: =SUM(P39:P40) -> 1488.43 | Q41: =Q39+Q40 -> 2013.47 | R41: =R39+R40 -> 1986.75
B43: B | C43: CASH FLOW FROM INVESTING ACTIVITIES
C44: Acquisition of property , plant and equipment , capital work in progress and intangible assets | N44: -311.21 | O44: -374.13 | P44: -509.09 | Q44: -563.86 | R44: -569.54 | T44: =-R44*(1-S45) -> 595.15909 | U44: =T44*(1-$S$45) -> 621.93057 | V44: =U44*(1-$S$45) -> 649.9063 | W44: =V44*(1-$S$45) -> 679.14042 | X44: =W44*(1-$S$45) -> 709.68956
N45: =N44/'Fore - P& L'!O12 -> -0.03254773 | O45: =O44/'Fore - P& L'!P12 -> -0.034359537 | P45: =P44/'Fore - P& L'!Q12 -> -0.044153934 | Q45: =Q44/'Fore - P& L'!R12 -> -0.04545788 | R45: =R44/'Fore - P& L'!S12 -> -0.045334388 | S45: =AVERAGE(P45:R45) -> -0.044982067
C46: Prceeds from diaposal of property ,plant and equipment | N46: 4.88 | O46: 4.93 | P46: 23.38 | Q46: 2.98 | R46: 30.43
C47: Purchase of Subsidiary | P47: -481.32
C48: Purchase of investment /Bank diposits | N48: -7634.78 | O48: -7506.66 | P48: -4177.43 | Q48: -5142.12 | R48: -6188.4
C49: Proceeds from sales / redemption of Investment /bank deposits | N49: 6273.72 | O49: 6233.61 | P49: 4163.73 | Q49: 4344.31 | R49: 5873.12
C50: interest Received | N50: 261.61 | O50: 366.8 | P50: 394.19 | Q50: 386.95 | R50: 399.28
C51: Net Cash used in Investing activities (B) | N51: =SUM(N44:N50) -> -1405.8125 | O51: =SUM(O44:O50) -> -1275.4844 | P51: =SUM(P44:P50) -> -586.58415 | Q51: =SUM(Q44:Q50) -> -971.78546 | R51: =SUM(R44:R50) -> -455.15533
B53: C | C53: CASH FLOW FROM FINANCING ACTIVITIES
C54: Proceeds from issue of Equity share capital | N54: 0.03 | O54: 0.05 | P54: 0.39 | Q54: 0.03 | R54: 0.03
C55: Repayment of the non-current borrowing (including current maturity0 | N55: -27.77 | O55: 248.95 | P55: -1.26 | Q55: -11.85 | R55: -261.86
C56: Proceeds of the non-current borrowing | Q56: 248.86 | R56: 29.92
C57: Repayment of current borrowing | P57: 50.05 | Q57: -666.42 | R57: -593.15
C58: Proceeds from current borrowing | N58: 64.65 | O58: 291.85 | P58: -25.47 | Q58: 382.23 | R58: 608.26
C59: principal payment of lease liabilitiees | N59: -27.61 | O59: -25.61 | P59: -10.63 | Q59: -28.94 | R59: -33.91
C60: Interest Payment of lease liabilities | N60: -11.27 | O60: -11.56 | P60: -49.1 | Q60: -12.65 | R60: -15.08
C61: Dividend Paid | N61: -592.09 | O61: -972.32 | P61: -921.31 | Q61: -965.76 | R61: -974.78
C62: Finance costs paid | N62: -19.35 | O62: -21.85 | P62: -77.9 | Q62: -106.68 | R62: -164.77
C63: Net cash Used in financing activities © | N63: =SUM(N54:N62) -> -613.41 | O63: =SUM(O54:O62) -> -490.49 | P63: =SUM(P54:P62) -> -1035.23 | Q63: =SUM(Q54:Q62) -> -1161.18 | R63: =SUM(R54:R62) -> -1405.34
C65: Increase/decrease in cash and cash equivalent (A+B+C) | N65: =N63+N51+N41 -> 95.447452 | O65: =O63+O51+O41 -> 36.35564 | P65: =P63+P51+P41 -> -133.38415 | Q65: =Q63+Q51+Q41 -> -119.49546 | R65: =R63+R51+R41 -> 126.25467
C66: Cash and Cash equivalent at the beginning of the year | N66: 91.74 | O66: 188.78 | P66: 227.17 | Q66: 97.57 | R66: -21.18
C67: Cash and Cash equivalent acquire in a business Combination | P67: 1.41
C68: Impact of changes in exchange rates. | N68: 1.56 | O68: 2 | P68: 2.34 | Q68: 0.7 | R68: 0.85
C69: Cash and cash equivalent at the end of the year | N69: 188.78 | O69: 227.17 | P69: 97.57 | Q69: -21.18 | R69: 111.97
C70: Note:
C71: Cash and cash equivalent (as per note 15 to the fiancial statement ) | N71: 241.23 | O71: 255.91 | P71: 146.82 | Q71: 247.6 | R71: 184.27
C72: Balances with bank in cash credit accounts (refers note 27) | N72: -36.73 | O72: -25.5 | P72: -49.25 | Q72: -268.78 | R72: -71.92
C73: Balances with bank in over draft accounts (refers note 27) | N73: -15.72 | O73: -3.24 | R73: -0.38
C74: Cash and Cash equivalent as per Consolidated Statement of the Cash Flow | N74: 188.78 | O74: 227.17 | P74: 97.57 | Q74: -21.18 | R74: 111.97

Sheet RATIOS
B1: Ratios Analysis
B2: Ratios Name | F2: 2018 | G2: 2019 | H2: 2020 | I2: 2021 | J2: 2022 | K2: 2023 | L2: 2024 | M2: 2025 | O2: Mean | P2: Median
B4: Liquidity Ratios
B5: Current Ratio | F5: =F7/F8 -> 2.1338215 | G5: =G7/G8 -> 1.46962 | H5: =H7/H8 -> 2.380532 | I5: =I7/I8 -> 1.9299254 | J5: =J7/J8 -> 0.84878002 | K5: =K7/K8 -> 0.80727108 | L5: =L7/L8 -> 1.129421 | M5: =M7/M8 -> 0.92404518 | O5: =AVERAGE(F5:M5) -> 1.452927 | P5: =MEDIAN(F5:M5) -> 1.2995205
C6: Growth Rate | G6: =(G5-F5)/F5 -> -0.31127322 | H6: =(H5-G5)/G5 -> 0.61982819 | I6: =(I5-H5)/H5 -> -0.1892882 | J6: =(J5-I5)/I5 -> -0.5602006 | K6: =(K5-J5)/J5 -> -0.048904238 | L6: =(L5-K5)/K5 -> 0.3990604 | M6: =(M5-L5)/L5 -> -0.18184169
C7: Current Assets | F7: 2634.16 | G7: 2231.28 | H7: 3432.37 | I7: 3930.1 | J7: 1958.84 | K7: 2124.35 | L7: 3265.19 | M7: 2829.99
C8: Current liability | F8: 1234.48 | G8: 1518.27 | H8: 1441.85 | I8: 2036.4 | J8: 2307.83 | K8: 2631.52 | L8: 2891.03 | M8: 3062.61
B10: Quick Ratio | F10: =F12/F16 -> 1.0183721 | G10: =G12/G16 -> 0.53171043 | H10: =H12/H16 -> 1.3346534 | I10: =I12/I16 -> 1.0106561 | J10: =J12/J16 -> -0.04296677 | K10: =K12/K16 -> -0.00024700553 | L10: =L12/L16 -> 0.38124475 | M10: =M12/M16 -> 0.069545257 | O10: =AVERAGE(F10:M10) -> 0.53787103 | P10: =MEDIAN(F10:M10) -> 0.45647759
C11: Growth Rate | G11: =(G10-F10)/F10 -> -0.47788198 | H11: =(H10-G10)/G10 -> 1.5101132 | I11: =(I10-H10)/H10 -> -0.24275766 | J11: =(J10-I10)/I10 -> -1.0425137 | K11: =(K10-J10)/J10 -> -0.99425124 | L11: =(L10-K10)/K10 -> -1544.4664 | M11: =(M10-L10)/L10 -> -0.8175837
C12: Quick Assets | F12: =F13-F14-F15 -> 1257.16 | G12: =G13-G14-G15 -> 807.28 | H12: =H13-H14-H15 -> 1924.37 | I12: =I13-I14-I15 -> 2058.1 | J12: =J13-J14-J15 -> -99.16 | K12: =K13-K14-K15 -> -0.65 | L12: =L13-L14-L15 -> 1102.19 | M12: =M13-M14-M15 -> 212.99
D13: Current Assets | F13: =F7 -> 2634.16 | G13: =G7 -> 2231.28 | H13: =H7 -> 3432.37 | I13: =I7 -> 3930.1 | J13: =J7 -> 1958.84 | K13: =K7 -> 2124.35 | L13: =L7 -> 3265.19 | M13: =M7 -> 2829.99
D14: Inventories | F14: 1256 | G14: 1301 | H14: 1380 | I14: 1734 | J14: 1911 | K14: 2024 | L14: 1947 | M14: 2300
D15: Prepaid Expenses | F15: 121 | G15: 123 | H15: 128 | I15: 138 | J15: 147 | K15: 101 | L15: 216 | M15: 317
C16: Current liability | F16: =F8 -> 1234.48 | G16: =G8 -> 1518.27 | H16: =H8 -> 1441.85 | I16: =I8 -> 2036.4 | J16: =J8 -> 2307.83 | K16: =K8 -> 2631.52 | L16: =L8 -> 2891.03 | M16: =M8 -> 3062.61
B18: Cash Ratio | F18: =F20/F21 -> 0.24787765 | G18: =G20/G21 -> 0.21603536 | H18: =H20/H21 -> 0.56247182 | I18: =I20/I21 -> 0.65262227 | J18: =J20/J21 -> 0.24698526 | K18: =K20/K21 -> 0.12388277 | L18: =L20/L21 -> 0.23036772 | M18: =M20/M21 -> 0.18872792 | O18: =AVERAGE(F18:M18) -> 0.30862135 | P18: =MEDIAN(F18:M18) -> 0.23867649
C19: Growth Rate | G19: =(G18-F18)/F18 -> -0.12845972 | H19: =(H18-G18)/G18 -> 1.6036101 | I19: =(I18-H18)/H18 -> 0.1602755 | J19: =(J18-I18)/I18 -> -0.62154944 | K19: =(K18-J18)/J18 -> -0.49842038 | L19: =(L18-K18)/K18 -> 0.85956218 | M19: =(M18-L18)/L18 -> -0.18075366
C20: Cash and Cash Equivalent | F20: 306 | G20: 328 | H20: 811 | I20: 1329 | J20: 570 | K20: 326 | L20: 666 | M20: 578
C21: Current liability | F21: =F16 -> 1234.48 | G21: =G16 -> 1518.27 | H21: =H16 -> 1441.85 | I21: =I16 -> 2036.4 | J21: =J16 -> 2307.83 | K21: =K16 -> 2631.52 | L21: =L16 -> 2891.03 | M21: =M16 -> 3062.61
B24: Profitability Ratios
B25: Gross Profit ratio | F25: =F27/F30 -> 0.64918415 | G25: =G27/G30 -> 0.63816794 | H25: =H27/H30 -> 0.64617156 | I25: =I27/I30 -> 0.62800669 | J25: =J27/J30 -> 0.62090183 | K25: =K27/K30 -> 0.59488291 | L25: =L27/L30 -> 0.61593035 | M25: =M27/M30 -> 0.61896044 | O25: =AVERAGE(F25:M25) -> 0.62652573 | P25: =MEDIAN(F25:M25) -> 0.62445426
C26: Growth Rate | G26: =(G25-F25)/F25 -> -0.016969315 | H26: =(H25-G25)/G25 -> 0.01254156 | I26: =(I25-H25)/H25 -> -0.028111524 | J26: =(J25-I25)/I25 -> -0.01131336 | K26: =(K25-J25)/J25 -> -0.041905036 | L26: =(L25-K25)/K25 -> 0.035380796 | M26: =(M25-L25)/L25 -> 0.0049195406
C27: Gross Profit | F27: =+F28-F29 -> 5013 | G27: =+G28-G29 -> 5434 | H27: =+H28-H29 -> 5612 | I27: =+I28-I29 -> 6005 | J27: =+J28-J29 -> 6761 | K27: =+K28-K29 -> 6859 | L27: =+L28-L29 -> 7640 | M27: =+M28-M29 -> 7776
D28: Revenue | F28: 7722 | G28: 8515 | H28: 8685 | I28: 9562 | J28: 10889 | K28: 11530 | L28: 12404 | M28: 12563
D29: COGS | F29: 2709 | G29: 3081 | H29: 3073 | I29: 3557 | J29: 4128 | K29: 4671 | L29: 4764 | M29: 4787
C30: Total Revenue | F30: 7722 | G30: 8515 | H30: 8685 | I30: 9562 | J30: 10889 | K30: 11530 | L30: 12404 | M30: 12563
B32: Net profit ratio | F32: =+F34/F35 -> 0.17586118 | G32: =+G34/G35 -> 0.16981797 | H32: =+H34/H35 -> 0.16672424 | I32: =+I34/I35 -> 0.17726417 | J32: =+J34/J35 -> 0.15997796 | K32: =+K34/K35 -> 0.14752819 | L32: =+L34/L35 -> 0.14600129 | M32: =+M34/M35 -> 0.13850195 | O32: =AVERAGE(F32:M32) -> 0.16020962 | P32: =MEDIAN(F32:M32) -> 0.1633511
C33: Growth Rate | G33: =(G32-F32)/F32 -> -0.034363512 | H33: =(H32-G32)/G32 -> -0.018217926 | I33: =(I32-H32)/H32 -> 0.063217764 | J33: =(J32-I32)/I32 -> -0.097516668 | K33: =(K32-J32)/J32 -> -0.077821796 | L33: =(L32-K32)/K32 -> -0.010349869 | M33: =(M32-L32)/L32 -> -0.051364887
C34: Net Profit | F34: 1358 | G34: 1446 | H34: 1448 | I34: 1695 | J34: 1742 | K34: 1701 | L34: 1811 | M34: 1740
C35: Total Revenue | F35: 7722 | G35: 8515 | H35: 8685 | I35: 9562 | J35: 10889 | K35: 11530 | L35: 12404 | M35: 12563
B37: Opeating Profit Ratio | F37: =F39/F40 -> 0.20940171 | G37: =G39/G40 -> 0.20434527 | H37: =H39/H40 -> 0.20633276 | I37: =I39/I40 -> 0.20937042 | J37: =J39/J40 -> 0.20681422 | K37: =K39/K40 -> 0.18751084 | L37: =L39/L40 -> 0.19348597 | M37: =M39/M40 -> 0.18435087 | O37: =AVERAGE(F37:M37) -> 0.20020151 | P37: =MEDIAN(F37:M37) -> 0.20533902
C38: Growth Rate | G38: =(G37-F37)/F37 -> -0.024147063 | H38: =(H37-G37)/G37 -> 0.0097261099 | I38: =(I37-H37)/H37 -> 0.014722175 | J38: =(J37-I37)/I37 -> -0.012209023 | K38: =(K37-J37)/J37 -> -0.093336789 | L38: =(L37-K37)/K37 -> 0.031865523 | M38: =(M37-L37)/L37 -> -0.047213245
C39: Operating Profit | F39: 1617 | G39: 1740 | H39: 1792 | I39: 2002 | J39: 2252 | K39: 2162 | L39: 2400 | M39: 2316
C40: Total Revenue | F40: 7722 | G40: 8515 | H40: 8685 | I40: 9562 | J40: 10889 | K40: 11530 | L40: 12404 | M40: 12563
B42: Return on Capital Employed | F42: =F44/F45 -> 0.23970346 | G42: =G44/G45 -> 0.27624602 | H42: =H44/H45 -> 0.23223519 | I42: =I44/I45 -> 0.22987606 | J42: =J44/J45 -> 0.23158017 | K42: =K44/K45 -> 0.1996333 | L42: =L44/L45 -> 0.19236685 | M42: =M44/M45 -> 0.16840778 | O42: =AVERAGE(F42:M42) -> 0.2212561 | P42: =MEDIAN(F42:M42) -> 0.23072811
C43: Growth Rate | G43: =(G42-F42)/F42 -> 0.15244905 | H43: =(H42-G42)/G42 -> -0.15931753 | I43: =(I42-H42)/H42 -> -0.010158365 | J43: =(J42-I42)/I42 -> 0.0074131548 | K43: =(K42-J42)/J42 -> -0.13795163 | L43: =(L42-K42)/K42 -> -0.036398997 | M43: =(M42-L42)/L42 -> -0.12454886
C44: EBIT | F44: =R138 -> 1455 | G44: =S138 -> 1563 | H44: =T138 -> 1572 | I44: =U138 -> 1762 | J44: =V138 -> 1999 | K44: =W138 -> 1851 | L44: =X138 -> 2001 | M44: =Y138 -> 1870
C45: Capital Employed | F45: =F138 -> 6070 | G45: =G138 -> 5658 | H45: =H138 -> 6769 | I45: =I138 -> 7665 | J45: =J138 -> 8632 | K45: =K138 -> 9272 | L45: =L138 -> 10402 | M45: =M138 -> 11104
B47: Return on Assets Ratio | F47: =F49/F50 -> 0.17707192 | G47: =G49/G50 -> 0.18239104 | H47: =H49/H50 -> 0.17688759 | I47: =I49/I50 -> 0.17471492 | J47: =J49/J50 -> 0.17294632 | K47: =K49/K50 -> 0.14273597 | L47: =L49/L50 -> 0.1391129 | M47: =M49/M50 -> 0.11931347 | O47: =AVERAGE(F47:M47) -> 0.16064677 | P47: =MEDIAN(F47:M47) -> 0.17383062
C48: Growth Rate | G48: =(G47-F47)/F47 -> 0.030039285 | H48: =(H47-G47)/G47 -> -0.030173902 | I48: =(I47-H47)/H47 -> -0.012282747 | J48: =(J47-I47)/I47 -> -0.010122814 | K48: =(K47-J47)/J47 -> -0.17468051 | L48: =(L47-K47)/K47 -> -0.025382966 | M48: =(M47-L47)/L47 -> -0.14232637
C49: Net Income | F49: =R138 -> 1455 | G49: =S138 -> 1563 | H49: =T138 -> 1572 | I49: =U138 -> 1762 | J49: =V138 -> 1999 | K49: =W138 -> 1851 | L49: =X138 -> 2001 | M49: =Y138 -> 1870
C50: total Avg. Assets | F50: =F146 -> 8217 | G50: =G146 -> 8569.5 | H50: =H146 -> 8887 | I50: =I146 -> 10085 | J50: =J146 -> 11558.5 | K50: =K146 -> 12968 | L50: =L146 -> 14384 | M50: =M146 -> 15673
B52: Return on Equity Ratio | F52: =F54/F55 -> 0.19656502 | G52: =G54/G55 -> 0.22416903 | H52: =H54/H55 -> 0.19353315 | I52: =I54/I55 -> 0.18520616 | J52: =J54/J55 -> 0.18005249 | K52: =K54/K55 -> 0.15214644 | L52: =L54/L55 -> 0.14649199 | M52: =M54/M55 -> 0.12163148 | O52: =AVERAGE(F52:M52) -> 0.17497447 | P52: =MEDIAN(F52:M52) -> 0.18262933
C53: Growth Rate | G53: =(G52-F52)/F52 -> 0.14043198 | H53: =(H52-G52)/G52 -> -0.1366642 | I53: =(I52-H52)/H52 -> -0.043026184 | J53: =(J52-I52)/I52 -> -0.027826641 | K53: =(K52-J52)/J52 -> -0.15498843 | L53: =(L52-K52)/K52 -> -0.037164502 | M53: =(M52-L52)/L52 -> -0.1697056
C54: Net Income | F54: =R142 -> 1121.6 | G54: =S142 -> 1262.52 | H54: =T142 -> 1278.48 | I54: =U142 -> 1419.42 | J54: =V142 -> 1509.2 | K54: =W142 -> 1365.21 | L54: =X142 -> 1445.29 | M54: =Y142 -> 1313.62
C55: Shareholder Equity | F55: =SUM(F135:F136) -> 5706 | G55: =SUM(G135:G136) -> 5632 | H55: =SUM(H135:H136) -> 6606 | I55: =SUM(I135:I136) -> 7664 | J55: =SUM(J135:J136) -> 8382 | K55: =SUM(K135:K136) -> 8973 | L55: =SUM(L135:L136) -> 9866 | M55: =SUM(M135:M136) -> 10800
B57: Solvency Ratios
B58: Debt To Equity | F58: =F60/F63 -> 0.084923077 | G58: =G60/G63 -> 0.048876038 | H58: =H60/H63 -> 0.04465908 | I58: =I60/I63 -> 0.030815284 | J58: =J60/J63 -> 0.067444574 | K58: =K60/K63 -> 0.069825959 | L58: =L60/L63 -> 0.073870885 | M58: =M60/M63 -> 0.042587947 | O58: =AVERAGE(F58:M58) -> 0.057875356 | P58: =MEDIAN(F58:M58) -> 0.058160306
C59: Growth Rate | G59: =(G58-F58)/F58 -> -0.42446695 | H59: =(H58-G58)/G58 -> -0.086278631 | I59: =(I58-H58)/H58 -> -0.30998838 | J59: =(J58-I58)/I58 -> 1.1886728 | K59: =(K58-J58)/J58 -> 0.035308774 | L59: =(L58-K58)/K58 -> 0.057928687 | M59: =(M58-L58)/L58 -> -0.4234813
C60: Total Debt | F60: =SUM(F61:F62) -> 828 | G60: =SUM(G61:G62) -> 524 | H60: =SUM(H61:H62) -> 467 | I60: =SUM(I61:I62) -> 350 | J60: =SUM(J61:J62) -> 867 | K60: =SUM(K61:K62) -> 999 | L60: =SUM(L61:L62) -> 1158 | M60: =SUM(M61:M62) -> 730
D61: Long term debt | F61: 364 | G61: 26 | H61: 163 | I61: 1 | J61: 250 | K61: 299 | L61: 536 | M61: 304
D62: Short Term Debt | F62: 464 | G62: 498 | H62: 304 | I62: 349 | J62: 617 | K62: 700 | L62: 622 | M62: 426
C63: Shareholder Equity | F63: =SUM(F142:F143) -> 9750 | G63: =SUM(G142:G143) -> 10721 | H63: =SUM(H142:H143) -> 10457 | I63: =SUM(I142:I143) -> 11358 | J63: =SUM(J142:J143) -> 12855 | K63: =SUM(K142:K143) -> 14307 | L63: =SUM(L142:L143) -> 15676 | M63: =SUM(M142:M143) -> 17141
B64: Debt to Assets | F64: =F66/F67 -> 0.09515054 | G64: =G66/G67 -> 0.062107384 | H64: =H66/H67 -> 0.050016065 | I64: =I66/I67 -> 0.032308686 | J64: =J66/J67 -> 0.070579616 | K64: =K66/K67 -> 0.073176091 | L64: =L66/L67 -> 0.076607568 | M64: =M66/M67 -> 0.044978435 | O64: =AVERAGE(F64:M64) -> 0.063115548 | P64: =MEDIAN(F64:M64) -> 0.0663435
C65: Growth Rate | G65: =(G64-F64)/F64 -> -0.3472724 | H65: =(H64-G64)/G64 -> -0.19468408 | I65: =(I64-H64)/H64 -> -0.35403382 | J65: =(J64-I64)/I64 -> 1.1845399 | K65: =(K64-J64)/J64 -> 0.036787897 | L65: =(L64-K64)/K64 -> 0.046893414 | M65: =(M64-L64)/L64 -> -0.41287217
C66: =C60 -> Total Debt | F66: =F60 -> 828 | G66: =G60 -> 524 | H66: =H60 -> 467 | I66: =I60 -> 350 | J66: =J60 -> 867 | K66: =K60 -> 999 | L66: =L60 -> 1158 | M66: =M60 -> 730
C67: Total Assets | F67: 8702 | G67: 8437 | H67: 9337 | I67: 10833 | J67: 12284 | K67: 13652 | L67: 15116 | M67: 16230
B68: Debt Service Coverage Ratio
B71: Interest Coverage Ratio | F71: =F74/F73 -> 0.036426117 | G71: =G74/G73 -> 0.038387716 | H71: =H74/H73 -> 0.031806616 | I71: =I74/I73 -> 0.017593644 | J71: =J74/J73 -> 0.019509755 | K71: =K74/K73 -> 0.042139384 | L71: =L74/L73 -> 0.061969015 | M71: =M74/M73 -> 0.087700535 | O71: =AVERAGE(F71:M71) -> 0.041941598 | P71: =MEDIAN(F71:M71) -> 0.037406916
C72: Growth Rate | G72: =(G71-F71)/F71 -> 0.053851447 | H72: =(H71-G71)/G71 -> -0.17143766 | I72: =(I71-H71)/H71 -> -0.44685585 | J72: =(J71-I71)/I71 -> 0.10890929 | K72: =(K71-J71)/J71 -> 1.1599136 | L72: =(L71-K71)/K71 -> 0.47057241 | M72: =(M71-L71)/L71 -> 0.41523202
C73: EBIT | F73: =R138 -> 1455 | G73: =S138 -> 1563 | H73: =T138 -> 1572 | I73: =U138 -> 1762 | J73: =V138 -> 1999 | K73: =W138 -> 1851 | L73: =X138 -> 2001 | M73: =Y138 -> 1870
C74: Interest Expenses | F74: 53 | G74: 60 | H74: 50 | I74: 31 | J74: 39 | K74: 78 | L74: 124 | M74: 164
B75: Turnover ratios
B76: Fixed Assets Turnover Ratio | F76: =F78/F79 -> 3.874561 | G76: =G78/G79 -> 4.2606955 | H76: =H78/H79 -> 4.1141639 | I76: =I78/I79 -> 4.2535587 | J76: =J78/J79 -> 4.7853219 | K76: =K78/K79 -> 3.9171055 | L76: =L78/L79 -> 3.3551528 | M76: =M78/M79 -> 3.2192184 | O76: =AVERAGE(F76:M76) -> 3.9724722 | P76: =MEDIAN(F76:M76) -> 4.0156347
C77: Growth Rate | G77: =(G76-F76)/F76 -> 0.099658919 | H77: =(H76-G76)/G76 -> -0.034391478 | I77: =(I76-H76)/H76 -> 0.033881687 | J77: =(J76-I76)/I76 -> 0.12501607 | K77: =(K76-J76)/J76 -> -0.18143323 | L77: =(L76-K76)/K76 -> -0.1434612 | M77: =(M76-L76)/L76 -> -0.040515107
C78: Net Sales | F78: 7722 | G78: 8515 | H78: 8685 | I78: 9562 | J78: 10889 | K78: 11530 | L78: 12404 | M78: 12563
C79: Av. Fixed Assets | F79: =F153 -> 1993 | G79: =G153 -> 1998.5 | H79: =H153 -> 2111 | I79: =I153 -> 2248 | J79: =J153 -> 2275.5 | K79: =K153 -> 2943.5 | L79: =L153 -> 3697 | M79: =M153 -> 3902.5
B81: Inventory Turnover Ratio | F81: =F86/F83 -> 2.2928481 | G81: =G86/G83 -> 2.4098553 | H81: =H86/H83 -> 2.2924282 | I81: =I86/I83 -> 2.2845215 | J81: =J86/J83 -> 2.2650206 | K81: =K86/K83 -> 2.3740788 | L81: =L86/L83 -> 2.3993956 | M81: =M86/M83 -> 2.2542972 | O81: =AVERAGE(F81:M81) -> 2.3215557 | P81: =MEDIAN(F81:M81) -> 2.2926381
C82: Growth Rate | G82: =(G81-F81)/F81 -> 0.05103139 | H82: =(H81-G81)/G81 -> -0.048727864 | I82: =(I81-H81)/H81 -> -0.0034490427 | J82: =(J81-I81)/I81 -> -0.0085361155 | K82: =(K81-J81)/J81 -> 0.04814888 | L82: =(L81-K81)/K81 -> 0.010663858 | M82: =(M81-L81)/L81 -> -0.060472923
C83: Av. Inventory | F83: =(F84+F85)/2 -> 1181.5 | G83: =(G84+G85)/2 -> 1278.5 | H83: =(H84+H85)/2 -> 1340.5 | I83: =(I84+I85)/2 -> 1557 | J83: =(J84+J85)/2 -> 1822.5 | K83: =(K84+K85)/2 -> 1967.5 | L83: =(L84+L85)/2 -> 1985.5 | M83: =(M84+M85)/2 -> 2123.5
D84: Opening Inventory | F84: 1107 | G84: 1256 | H84: 1301 | I84: 1380 | J84: 1734 | K84: 1911 | L84: 2024 | M84: 1947
D85: Closing Inventory | F85: 1256 | G85: 1301 | H85: 1380 | I85: 1734 | J85: 1911 | K85: 2024 | L85: 1947 | M85: 2300
C86: COGS | F86: 2709 | G86: 3081 | H86: 3073 | I86: 3557 | J86: 4128 | K86: 4671 | L86: 4764 | M86: 4787
B87: Recievable Turnover Ratio | F87: =F89/F90 -> 11.389381 | G87: =G89/G90 -> 11.058442 | H87: =H89/H90 -> 10.540049 | I87: =I89/I90 -> 13.898256 | J87: =J89/J90 -> 18.028146 | K87: =K89/K90 -> 15.424749 | L87: =L89/L90 -> 14.19222 | M87: =M89/M90 -> 14.060436 | O87: =AVERAGE(F87:M87) -> 13.57396 | P87: =MEDIAN(F87:M87) -> 13.979346
C88: Growth Rate | G88: =(G87-F87)/F87 -> -0.029056802 | H88: =(H87-G87)/G87 -> -0.046877583 | I88: =(I87-H87)/H87 -> 0.31861402 | J88: =(J87-I87)/I87 -> 0.29715167 | K88: =(K87-J87)/J87 -> -0.14440734 | L88: =(L87-K87)/K87 -> -0.079905966 | M88: =(M87-L87)/L87 -> -0.0092855943
C89: Credit Sales | F89: 7722 | G89: 8515 | H89: 8685 | I89: 9562 | J89: 10889 | K89: 11530 | L89: 12404 | M89: 12563
C90: Av. Account Receivable | F90: =(F91+F92)/2 -> 678 | G90: =(G91+G92)/2 -> 770 | H90: =(H91+H92)/2 -> 824 | I90: =(I91+I92)/2 -> 688 | J90: =(J91+J92)/2 -> 604 | K90: =(K91+K92)/2 -> 747.5 | L90: =(L91+L92)/2 -> 874 | M90: =(M91+M92)/2 -> 893.5
D91: Opening Debtor | F91: 650 | G91: 706 | H91: 834 | I91: 814 | J91: 562 | K91: 646 | L91: 849 | M91: 899
D92: Closing Debtor | F92: 706 | G92: 834 | H92: 814 | I92: 562 | J92: 646 | K92: 849 | L92: 899 | M92: 888
B93: Working Capital Turnover Ratio | F93: =F95/F96 -> 5.5169753 | G93: =G95/G96 -> 11.942329 | H93: =H95/H96 -> 4.3631815 | I93: =I95/I96 -> 5.0493742 | J93: =J95/J96 -> -31.201467 | K93: =K95/K96 -> -22.733995 | L93: =L95/L96 -> 33.151593 | M93: =M95/M96 -> -54.006534 | O93: =AVERAGE(F93:M93) -> -5.9898179 | P93: =MEDIAN(F93:M93) -> 4.7062779
C94: Growth Rate | G94: =(G93-F93)/F93 -> 1.1646515 | H94: =(H93-G93)/G93 -> -0.63464568 | I94: =(I93-H93)/H93 -> 0.1572689 | J94: =(J93-I93)/I93 -> -7.179274 | K94: =(K93-J93)/J93 -> -0.27138059 | L94: =(L93-K93)/K93 -> -2.4582388 | M94: =(M93-L93)/L93 -> -2.6290781
C95: Net Sales | F95: 7722 | G95: 8515 | H95: 8685 | I95: 9562 | J95: 10889 | K95: 11530 | L95: 12404 | M95: 12563
C96: Working Capital | F96: =F97-F98 -> 1399.68 | G96: =G97-G98 -> 713.01 | H96: =H97-H98 -> 1990.52 | I96: =I97-I98 -> 1893.7 | J96: =J97-J98 -> -348.99 | K96: =K97-K98 -> -507.17 | L96: =L97-L98 -> 374.16 | M96: =M97-M98 -> -232.62
D97: Current Assets | F97: 2634.16 | G97: 2231.28 | H97: 3432.37 | I97: 3930.1 | J97: 1958.84 | K97: 2124.35 | L97: 3265.19 | M97: 2829.99
D98: Current liability | F98: 1234.48 | G98: 1518.27 | H98: 1441.85 | I98: 2036.4 | J98: 2307.83 | K98: 2631.52 | L98: 2891.03 | M98: 3062.61
B100: Cash Coversion Cycle Ratio | I100: =I102+I103-I104 -> 2.4585439 | J100: =J102+J103-J104 -> 9.2311995 | K100: =K102+K103-K104 -> 14.411686 | L100: =L102+L103-L104 -> 3.2925075 | M100: =M102+M103-M104 -> -8.8869048 | O100: =AVERAGE(F100:M100) -> 4.1014064 | P100: =MEDIAN(F100:M100) -> 3.2925075
C101: Growth Rate | K101: =(K100-J100)/J100 -> 0.56119321 | L101: =(L100-K100)/K100 -> -0.77153905 | M101: =(M100-L100)/L100 -> -3.6991297
D102: DSO | I102: =(('Fore - Balan'!M42+'Fore - Balan'!L42)/2)/'P & L'!O12*365 -> 10.718689 | J102: =(('Fore - Balan'!N42+'Fore - Balan'!M42)/2)/'P & L'!P12*365 -> 20.24219 | K102: =(('Fore - Balan'!O42+'Fore - Balan'!N42)/2)/'P & L'!Q12*365 -> 23.661913 | L102: =(('Fore - Balan'!P42+'Fore - Balan'!O42)/2)/'P & L'!R12*365 -> 25.710498 | M102: =(('Fore - Balan'!Q42+'Fore - Balan'!P42)/2)/'P & L'!S12*365 -> 25.962375 | N102: 25 | O102: days average
D103: DIO | I103: =(('Fore - Balan'!M37+'Fore - Balan'!L37)/2)/'P & L'!O16*365 -> 79.154625 | J103: =(('Fore - Balan'!N37+'Fore - Balan'!M37)/2)/'P & L'!P16*365 -> 139.59597 | K103: =(('Fore - Balan'!O37+'Fore - Balan'!N37)/2)/'P & L'!Q16*365 -> 135.33928 | L103: =(('Fore - Balan'!P37+'Fore - Balan'!O37)/2)/'P & L'!R16*365 -> 139.72479 | M103: =(('Fore - Balan'!Q37+'Fore - Balan'!P37)/2)/'P & L'!S16*365 -> 148.01212 | N103: 135 | O103: days average
D104: DPO | I104: =(('Fore - Balan'!M89+'Fore - Balan'!M90+'Fore - Balan'!L89+'Fore - Balan'!L90)/2)/'P & L'!O16*365 -> 87.41477 | J104: =(('Fore - Balan'!N89+'Fore - Balan'!N90+'Fore - Balan'!M89+'Fore - Balan'!M90)/2)/'P & L'!P16*365 -> 150.60696 | K104: =(('Fore - Balan'!O89+'Fore - Balan'!O90+'Fore - Balan'!N89+'Fore - Balan'!N90)/2)/'P & L'!Q16*365 -> 144.58951 | L104: =(('Fore - Balan'!P89+'Fore - Balan'!P90+'Fore - Balan'!O89+'Fore - Balan'!O90)/2)/'P & L'!R16*365 -> 162.14278 | M104: =(('Fore - Balan'!Q89+'Fore - Balan'!Q90+'Fore - Balan'!P89+'Fore - Balan'!P90)/2)/'P & L'!S16*365 -> 182.8614 | N104: 170 | O104: days average
B106: Earning / Valuation Ratios
B107: P/E Ratio
C108: MPS
C109: EPS | I109: ='Fore - P& L'!O56 -> 9.58 | J109: ='Fore - P& L'!P56 -> 9.84 | K109: ='Fore - P& L'!Q56 -> 9.64 | L109: ='Fore - P& L'!R56 -> 10.4 | M109: ='Fore - P& L'!S56 -> 9.97
B110: Earning per Ratio
C111: Total Dividend
C112: O/S Shares
B113: Dividend Yield Ratio
C114: DPS
C115: MPS
B116: Dividend Payout Ratio
...

Sheet Work Sheet
B2: Year (as of 31-Mar) | C2: MPS | D2: Shares outstanding (₹ crore units) | E2: market cap | F2: Market cap | G2: ='Balance sheet'!M48 -> 7700.22 | H2: ='Balance sheet'!N48 -> 8421.85 | I2: ='Balance sheet'!O48 -> 9441.43 | J2: ='Balance sheet'!P48 -> 10303.08 | K2: ='Balance sheet'!Q48 -> 11210.26
B3: 2021 | C3: 540 | D3: 176.74 | E3: =C3*D3 -> 95439.6 | F3: No. of share | G3: =D3 -> 176.74 | H3: =D4 -> 176.94 | I3: =D5 -> 177.2 | J3: =D6 -> 177.2 | K3: =D7 -> 177.2
B4: 2022 | C4: 536 | D4: 176.94 | E4: =C4*D4 -> 94839.84 | F4: BV | G4: =G2/G3 -> 43.568066 | H4: =H2/H3 -> 47.597208 | I4: =I2/I3 -> 53.281208 | J4: =J2/J3 -> 58.143792 | K4: =K2/K3 -> 63.263318
B5: 2023 | C5: 544 | D5: 177.2 | E5: =C5*D5 -> 96396.8 | F5: Mps | G5: =C3 -> 540 | H5: =C4 -> 536 | I5: =C5 -> 544 | J5: =C6 -> 523 | K5: =C7 -> 506
B6: 2024 | C6: 523 | D6: 177.2 | E6: =C6*D6 -> 92675.6 | F6: ratio | G6: =G5/G4 -> 12.394399 | H6: =H5/H4 -> 11.261165 | I6: =I5/I4 -> 10.209979 | J6: =J5/J4 -> 8.9949413 | K6: =K5/K4 -> 7.9983158
B7: 2025 | C7: 506 | D7: 177.2 | E7: =C7*D7 -> 89663.2
B10: Shareholder | C10: Holding (No. of Shares) | D10: Holding % | E10: Value of Holding (₹ Crore) | F10: EV
B11: Vic Enterprises Private Limited | C11: 21.7794 | D11: 0.1228 | E11: 1,102.42 Cr | F11: market cap | G11: =D3*C3 -> 95439.6 | H11: 94839.84 | I11: 96396.8 | J11: 92675.6 | K11: 89663.2
B12: Saket Burman | C12: 20.93838 | D12: 0.1179 | E12: 1,059.23 Cr | F12: Debt | G12: ='Balance sheet'!$M$52+'Balance sheet'!$M$53+'Balance sheet'!$M$60+'Balance sheet'!$M$61 -> 483.27 | H12: ='Balance sheet'!$M$52+'Balance sheet'!$M$53+'Balance sheet'!$M$60+'Balance sheet'!$M$61 -> 483.27 | I12: ='Balance sheet'!$M$52+'Balance sheet'!$M$53+'Balance sheet'!$M$60+'Balance sheet'!$M$61 -> 483.27 | J12: ='Balance sheet'!$M$52+'Balance sheet'!$M$53+'Balance sheet'!$M$60+'Balance sheet'!$M$61 -> 483.27 | K12: ='Balance sheet'!$M$52+'Balance sheet'!$M$53+'Balance sheet'!$M$60+'Balance sheet'!$M$61 -> 483.27
B13: Gyan Enterprises Pvt. Ltd. | C13: 19.337998 | D13: 0.109 | E13: 977.06 Cr | F13: Minority | G13: ='Balance sheet'!$M$47 -> 36.69 | H13: ='Balance sheet'!$M$47 -> 36.69 | I13: ='Balance sheet'!$M$47 -> 36.69 | J13: ='Balance sheet'!$M$47 -> 36.69 | K13: ='Balance sheet'!$M$47 -> 36.69
B14: Puran Associates Pvt. Ltd. | C14: 18.9212 | D14: 0.1067 | E14: 956.84 Cr | F14: cas h | G14: ='Balance sheet'!$M$33 -> 241.23 | H14: ='Balance sheet'!$M$33 -> 241.23 | I14: ='Balance sheet'!$M$33 -> 241.23 | J14: ='Balance sheet'!$M$33 -> 241.23 | K14: ='Balance sheet'!$M$33 -> 241.23
B15: Ratna Commercial Enterprises Pvt. Ltd. | C15: 15.89556 | D15: 0.0897 | E15: 803.54 Cr
B16: Milky Investment And Trading Co. | C16: 10.61475 | D16: 0.0598 | E16: 536.20 Cr | F16: EV | G16: =G11+G12+G13-G14 -> 95718.33 | H16: =H11+H12+H13-H14 -> 95118.57 | I16: =I11+I12+I13-I14 -> 96675.53 | J16: =J11+J12+J13-J14 -> 92954.33 | K16: =K11+K12+K13-K14 -> 89941.93
B17: Life Insurance Corporation of India (LIC) | C17: 8.903565 | D17: 0.0502 | E17: 450.58 Cr
B18: Burmans Finvest Private Limited | C18: 5.3012986 | D18: 0.0299 | E18: 268.23 Cr
B19: UTI Retirement Solutions Ltd. | C19: 3.29724 | D19: 0.0186 | E19: 167.05 Cr
B20: ICICI Prudential AMC Ltd. | C20: 3.1722028 | D20: 0.0179 | E20: 160.39 Cr
B23: Key Managerial Personnel | C23: Designation | D23: Remuneration (₹ Cr) | E23: Ratio to Median Employee Salary (x)
B24: Mohit Malhotra | C24: Chief Executive Officer & Whole-time Director | D24: 14.43 | E24: 257×
B25: Amit Burman | C25: Chairman (Non-Executive) | D25: 1.9 | E25: 34×
B26: P. D. Narang | C26: Whole-time Director | D26: 8.08 | E26: 144×
B27: Mohit Anand | C27: Whole-time Director | D27: 5.92 | E27: 106×
B28: Manish Chugh | C28: Chief Financial Officer (KMP) | D28: 3.17 | E28: 57×
B29: Vivek Chandra | C29: Chief Executive Officer – International Business (KMP) | D29: 3.35 | E29: 60×
B30: Sandeep Sharma | C30: Chief Executive Officer – India Business (KMP) | D30: 2.99 | E30: 53×
B31: Atul Sharma | C31: Company Secretary & Compliance Officer (KMP) | D31: 1.21 | E31: 21×
B54: Month | C54: Close Price
B55: 44197 | C55: 515.25
B56: 44228 | C56: 503.35
B57: 44256 | C57: 540.7
B58: 44287 | C58: 538.45
B59: 44317 | C59: 540.4
B60: 44348 | C60: 568.8
B61: 44378 | C61: 600.5
B62: 44409 | C62: 620.85
B63: 44440 | C63: 617.1
B64: 44470 | C64: 586.3
B65: 44501 | C65: 595.4
B66: 44531 | C66: 580.4
... B111: 45901 | C111: 515.2

Sheet Forecasted sheet
B1: Dabur India ltd.
B3: Historical Data | M3: Forecasted Data
B5: Particulars | E5: FY- 2021 | F5: FY - 2022 | G5: FY- 2023 | H5: FY- 2024 | I5: FY - 2025 | J5: Growth Rate/Measures | L5: FY - 2026 | M5: FY- 2027 | N5: FY- 2028 | O5: FY - 2029 | P5: FY - 2030 | Q5: FY- 2031 | R5: FY- 2032
B7: Sales | E7: 9562 | F7: 10889 | G7: 11530 | H7: 12404 | I7: 12563 | L7: =I7*(1+$J$8) -> 12877.075 | M7: =L7*(1+$J$8) -> 13199.002 | N7: =M7*(1+$J$8) -> 13528.977 | O7: =N7*(1+$J$8) -> 13867.201 | P7: =O7*(1+$J$8) -> 14213.881 | Q7: =P7*(1+$J$8) -> 14569.228 | R7: =Q7*(1+$J$8) -> 14933.459
B8: Growth Rate | E8: - | F8: =(F7/E7)-1 -> 0.1387785 | G8: =(G7/F7)-1 -> 0.058866746 | H8: =(H7/G7)-1 -> 0.075802255 | I8: =(I7/H7)-1 -> 0.012818446 | J8: 0.025
B9: =Calculatios!$B$32 -> Earning before interest and Tax | E9: 2092.04 | F9: 2316.8 | G9: 2296.99 | H9: 2481.55 | I9: 2423.94 | L9: =L7*$J$10 -> 2636.6425 | M9: =M7*$J$10 -> 2702.5585 | N9: =N7*$J$10 -> 2770.1225 | O9: =O7*$J$10 -> 2839.3756 | P9: =P7*$J$10 -> 2910.36 | Q9: =Q7*$J$10 -> 2983.119 | R9: =R7*$J$10 -> 3057.6969
B10: EBIT Margin | E10: =(E9/E7) -> 0.21878686 | F10: =(F9/F7) -> 0.21276518 | G10: =(G9/G7) -> 0.19921856 | H10: =(H9/H7) -> 0.20006046 | I10: =(I9/I7) -> 0.19294277 | J10: =AVERAGE(D10:I10) -> 0.20475477
B11: Depriciation | E11: -240.13 | F11: -252.89 | G11: -310.96 | H11: -399.21 | I11: -445.6 | L11: =L13*$J$12 -> -368.98005 | M11: =M13*$J$12 -> -378.20455 | N11: =N13*$J$12 -> -387.65966 | O11: =O13*$J$12 -> -397.35115 | P11: =P13*$J$12 -> -407.28493 | Q11: =Q13*$J$12 -> -417.46706 | R11: =R13*$J$12 -> -427.90373
B12: Dep % of sales | E12: =E11/E13 -> 0.77212219 | F12: =F11/F13 -> 0.67617647 | G12: =G11/G13 -> 0.61092338 | H12: =H11/H13 -> 0.70781915 | I12: =I11/I13 -> 0.78175439 | J12: =AVERAGE(E12:I12) -> 0.70975911
B13: Capital Expenditure | E13: -311 | F13: -374 | G13: -509 | H13: -564 | I13: -570 | L13: =L7*$J$14 -> -519.86659 | M13: =M7*$J$14 -> -532.86325 | N13: =N7*$J$14 -> -546.18483 | O13: =O7*$J$14 -> -559.83945 | P13: =P7*$J$14 -> -573.83544 | Q13: =Q7*$J$14 -> -588.18132 | R13: =R7*$J$14 -> -602.88586
B14: Capex % of sales | E14: =E13/E7 -> -0.032524576 | F14: =F13/F7 -> -0.034346588 | G14: =G13/G7 -> -0.044145707 | H14: =H13/H7 -> -0.045469203 | I14: =I13/I7 -> -0.045371329 | J14: =AVERAGE(E14:I14) -> -0.040371481
B15: =Calculatios!$B$13 -> working capital number | E15: =Calculatios!G13 -> 192 | F15: =Calculatios!H13 -> 39 | G15: =Calculatios!I13 -> 168 | H15: =Calculatios!J13 -> -195 | I15: =Calculatios!K13 -> -362 | L15: =L7*$J$16 -> -16.234763 | M15: =M7*$J$16 -> -16.640632 | N15: =N7*$J$16 -> -17.056647 | O15: =O7*$J$16 -> -17.483064 | P15: =P7*$J$16 -> -17.92014 | Q15: =Q7*$J$16 -> -18.368144 | R15: =R7*$J$16 -> -18.827347
B16: NWC % of sales | E16: =E15/E7 -> 0.020079481 | F16: =F15/F7 -> 0.0035815961 | G16: =G15/G7 -> 0.014570685 | H16: =H15/H7 -> -0.015720735 | I16: =I15/I7 -> -0.028814774 | J16: =AVERAGE(E16:I16) -> -0.0012607492
B17: Tax rate | E17: 0.25 | F17: 0.25 | G17: 0.25 | H17: 0.25 | I17: 0.25 | J17: 0.25
B18: NOPAT | E18: =E9*(1-E17) -> 1569.03 | F18: =F9*(1-F17) -> 1737.6 | G18: =G9*(1-G17) -> 1722.7425 | H18: =H9*(1-H17) -> 1861.1625 | I18: =I9*(1-I17) -> 1817.955 | L18: =L9*(1-$J$17) -> 1977.4819 | M18: =M9*(1-$J$17) -> 2026.9189 | N18: =N9*(1-$J$17) -> 2077.5919 | O18: =O9*(1-$J$17) -> 2129.5317 | P18: =P9*(1-$J$17) -> 2182.77 | Q18: =Q9*(1-$J$17) -> 2237.3392 | R18: =R9*(1-$J$17) -> 2293.2727
B35: Assumptions
B36: slaes shows the same growth rate as historical and will be forecasted on the basis
B37: EBIT should be the margins of the sale
B38: Depriciation should be margin of the sales if capex is xero but will try with capex margin
B39: capital expenditure will we the margin of sales.
B40: Net working capital will we the margin sales
B41: NOPAT is EBIT(1-Tax Rate)
B43: 1. Forecast Assumptions (Operating)
B44: Revenue Growth Rate = CAGR or year-on-year growth for sales.
B45: EBIT Margin / Operating Margin = Stable or improving trend based on history & industry.
B46: Depreciation = As % of Sales or % of Capex.
B47: Capex = As % of Sales or based on historical trend.
... B69: Sometimes also revenue growth & margin sensitivity.

Sheet FCFF
B2: FCFF (Free Cash Flow to the firm)
B3: Particular | D3: FY - 2026 | E3: FY- 2027 | F3: FY- 2028 | G3: FY - 2029 | H3: FY - 2030 | I3: FY- 2031 | J3: FY- 2032
B6: ='Forecasted sheet'!$B$18 -> NOPAT | D6: ='Forecasted sheet'!L18 -> 1977.4819 | E6: ='Forecasted sheet'!M18 -> 2026.9189 | F6: ='Forecasted sheet'!N18 -> 2077.5919 | G6: ='Forecasted sheet'!O18 -> 2129.5317 | H6: ='Forecasted sheet'!P18 -> 2182.77 | I6: ='Forecasted sheet'!Q18 -> 2237.3392 | J6: ='Forecasted sheet'!R18 -> 2293.2727
B8: Depreciation | D8: ='Forecasted sheet'!L11 -> -368.98005 | E8: ='Forecasted sheet'!M11 -> -378.20455 | F8: ='Forecasted sheet'!N11 -> -387.65966 | G8: ='Forecasted sheet'!O11 -> -397.35115 | H8: ='Forecasted sheet'!P11 -> -407.28493 | I8: ='Forecasted sheet'!Q11 -> -417.46706 | J8: ='Forecasted sheet'!R11 -> -427.90373
B9: Capex | D9: ='Forecasted sheet'!L13 -> -519.86659 | E9: ='Forecasted sheet'!M13 -> -532.86325 | F9: ='Forecasted sheet'!N13 -> -546.18483 | G9: ='Forecasted sheet'!O13 -> -559.83945 | H9: ='Forecasted sheet'!P13 -> -573.83544 | I9: ='Forecasted sheet'!Q13 -> -588.18132 | J9: ='Forecasted sheet'!R13 -> -602.88586
B10: NWC (Net Working Capital) | D10: ='Forecasted sheet'!L15 -> -16.234763 | E10: ='Forecasted sheet'!M15 -> -16.640632 | F10: ='Forecasted sheet'!N15 -> -17.056647 | G10: ='Forecasted sheet'!O15 -> -17.483064 | H10: ='Forecasted sheet'!P15 -> -17.92014 | I10: ='Forecasted sheet'!Q15 -> -18.368144 | J10: ='Forecasted sheet'!R15 -> -18.827347
B11: Change In NWC | D11: =D10-'Forecasted sheet'!I15 -> 345.76524 | E11: =E10-D10 -> -0.40586907 | F11: =F10-E10 -> -0.41601579 | G11: =G10-F10 -> -0.42641619 | H11: =H10-G10 -> -0.43707659 | I11: =I10-H10 -> -0.44800351 | J11: =J10-I10 -> -0.45920359
B12: FCFF | D12: =(D6-D8)+D9-D11 -> 1480.8301 | E12: =(E6-E8)+E9-E11 -> 1872.6661 | F12: =(F6-F8)+F9-F11 -> 1919.4827 | G12: =(G6-G8)+G9-G11 -> 1967.4698 | H12: =(H6-H8)+H9-H11 -> 2016.6565 | I12: =(I6-I8)+I9-I11 -> 2067.073 | J12: =(J6-J8)+J9-J11 -> 2118.7498
B17: Discounted Cash Flow Valuation Sheet
B18: Particular | D18: FY - 2026 | E18: FY- 2027 | F18: FY- 2028 | G18: FY - 2029 | H18: FY - 2030 | I18: FY- 2031 | J18: FY- 2032
B21: =B12 -> FCFF | D21: =D12 -> 1480.8301 | E21: =E12 -> 1872.6661 | F21: =F12 -> 1919.4827 | G21: =G12 -> 1967.4698 | H21: =H12 -> 2016.6565 | I21: =I12 -> 2067.073 | J21: =J12 -> 2118.7498
B23: Discount Factor | D23: =1/(1+$G$28)^1 -> 0.89550308 | E23: =1/(1+$G$28)^2 -> 0.80192577 | F23: =1/(1+$G$28)^3 -> 0.718127 | G23: =1/(1+$G$28)^4 -> 0.64308494 | H23: =1/(1+$G$28)^5 -> 0.57588454 | I23: =1/(1+$G$28)^6 -> 0.51570638 | J23: =1/(1+$G$28)^7 -> 0.46181666
B25: Present value of FCFF | D25: =D21*D23 -> 1326.0879 | E25: =E21*E23 -> 1501.7392 | F25: =F21*F23 -> 1378.4324 | G25: =G21*G23 -> 1265.2502 | H25: =H21*H23 -> 1161.3613 | I25: =I21*I23 -> 1066.0027 | J25: =J21*J23 -> 978.47394
B27: FCFF | G27: =J21 -> 2118.7498
B28: WACC | G28: =Calculatios!$G$48 -> 0.11669074
B29: Terminal Growth Rate | G29: 0.06
B30: Terminal Value | D30: =J21*(1+G29)/(G28-G29) -> 39616.253
B31: Discounted Terminal value | D31: =D30*J23 -> 18295.445
B33: Enterprises value (EV) | D33: =SUM(D25:J25)+D31 -> 26972.793
B39: Equity Value Sheet
B40: Particular | D40: Amount
B41: Enterprise Value (DCF) | D41: =D33 -> 26972.793
B42: + Cash and Cash Equivalent | D42: 578
B43: -Net Debts | D43: =Calculatios!$F$103 -> -1136.4
B44: -Minority Interest | D44: 410
B45: Other Adjustment
B46: Equity Value | D46: =D41+D42-D43-D44 -> 28277.193
B48: Per Share Value
B49: Particular | D49: Amount
B50: Equity Value | D50: =$D$46 -> 28277.193
B51: No of outstanding shares | D51: 177.22
B52: Intrinsic value per share | D52: =D50/D51 -> 159.55983
B56: Sensitivity Analysis Sheet | K56: Sensitivity Analysis Sheet
B57: =D33 -> 26972.793 | C57: 0.09 | D57: 0.095 | E57: 0.1001 | F57: 0.105 | G57: 0.11 | H57: 0.115 | I57: 0.12 | K57: =D52 -> 159.55983 | L57: 0.09 | M57: 0.095 | N57: 0.1001 | O57: 0.105 | P57: 0.1166 | Q57: 0.115 | R57: 0.12
B58: 0.03 | C58: 29409.648 | D58: 27134.43 | E58: 25148.053 | F58: 23494.018 | G58: 22015.078 | H58: 20710.119 | I58: 19550.149 | K58: 0.03 | L58: 173.31028 | M58: 160.4719 | N58: 149.26336 | O58: 139.93013 | P58: 122.04467 | Q58: 124.22141 | R58: 117.67604
B59: 0.035 | C59: 31323.801 | D59: 28710.227 | E59: 26457.71 | F59: 24602.47 | G59: 22959.053 | H59: 21520.878 | I59: 20251.733 | K59: 0.035 | L59: 184.11128 | M59: 169.36366 | N59: 156.65337 | O59: 146.1848 | P59: 126.40925 | Q59: 128.79629 | R59: 121.63488
B60: 0.04 | C60: 33620.785 | D60: 30572.533 | E60: 27985.281 | F60: 25881.452 | G60: 24037.881 | H60: 22439.737 | I60: 21041.016 | K60: 0.04 | L60: 197.07248 | M60: 179.8721 | N60: 165.273 | O60: 153.40172 | P60: 131.34363 | Q60: 133.98114 | R60: 126.08857
B61: 0.045 | C61: 36428.21 | D61: 32807.3 | E61: 29790.087 | F61: 27373.599 | G61: 25282.684 | H61: 23489.863 | I61: 21935.536 | K61: 0.045 | L61: 212.91395 | M61: 192.48223 | N61: 175.45699 | O61: 161.82146 | P61: 136.96717 | Q61: 139.90669 | R61: 131.13608
B62: 0.05 | C62: 39937.492 | D62: 35538.682 | E62: 31955.134 | F62: 29137.044 | G62: 26734.953 | H62: 24701.546 | I62: 22957.846 | K62: 0.05 | L62: 232.71579 | M62: 207.89461 | N62: 187.67371 | O62: 171.77206 | P62: 143.43508 | Q62: 146.74386 | R62: 136.90467
B63: 0.055 | C63: 44449.425 | D63: 38952.91 | E63: 34600.236 | F63: 31253.179 | G63: 28451.272 | H63: 26115.176 | I63: 24137.433 | K63: 0.055 | L63: 258.17529 | M63: 227.16008 | N63: 202.59923 | O63: 183.71278 | P63: 150.95297 | Q63: 154.72055 | R63: 143.56073
B64: 0.06 | C64: 50465.335 | D64: 43342.631 | E64: 37904.964 | F64: 33839.566 | G64: 30510.854 | H64: 27785.83 | I64: 25513.618 | K64: 0.06 | L64: 292.12129 | M64: 251.92998 | N64: 221.24684 | O64: 198.307 | P64: 159.79912 | Q64: 164.14756 | R64: 151.32614
K65: 0.065 | L65: 339.6457 | M65: 284.95651 | N65: 245.20715 | O65: 216.54977 | P65: 170.35963 | Q65: 175.45997 | R65: 160.50344
K66: 0.07 | L66: 410.93231 | M66: 331.19365 | N66: 277.1277 | O66: 240.00475 | P66: 183.18635 | Q66: 189.28624 | R66: 171.5162
K67: 0.075 | L67: 529.74332 | M67: 400.54936 | N67: 321.7656 | O67: 271.27807 | P67: 199.09641 | Q67: 206.56909 | R67: 184.97623
K68: 0.08 | L68: 767.36535 | M68: 516.14221 | N68: 388.6114 | O68: 315.06072 | P68: 219.35349 | Q68: 228.78989 | R68: 201.80128
K69: 0.085 | L69: 1480.2314 | M69: 747.32791 | N69: 499.72596 | O69: 380.73469 | P69: 246.02104 | Q69: 258.41762 | R69: 223.43349

Sheet Calculatios
B3: Working capital number = (Trade Recievable + Inventory + Other operating current assssets) - (Net payable + Other operating Liabilites)
B5: Particular | G5: 2021 | H5: 2022 | I5: 2023 | J5: 2024 | K5: 2025
B6: Trade receivable | G6: 562 | H6: 646 | I6: 849 | J6: 899 | K6: 888
B7: Inventory | G7: 1734 | H7: 1911 | I7: 2024 | J7: 1947 | K7: 2300
B8: =$B$26 -> Other operating current assets | G8: =C26 -> 520 | H8: =D26 -> 314 | I8: =E26 -> 333 | J8: =F26 -> 408 | K8: =G26 -> 519
B10: Net Payable | G10: 1915 | H10: 2018 | I10: 2187 | J10: 2422 | K10: 2825
B11: =$B$19 -> Other Operating Liabilities | G11: =C19 -> 709 | H11: =D19 -> 814 | I11: =E19 -> 851 | J11: =F19 -> 1027 | K11: =G19 -> 1244
B13: working capital number | G13: =SUM(G6:G8)-SUM(G10:G11) -> 192 | H13: =SUM(H6:H8)-SUM(H10:H11) -> 39 | I13: =SUM(I6:I8)-SUM(I10:I11) -> 168 | J13: =SUM(J6:J8)-SUM(J10:J11) -> -195 | K13: =SUM(K6:K8)-SUM(K10:K11) -> -362
B15: Other Operating Liabilities
B16: Advance from customer | C16: 43 | D16: 37 | E16: 9 | F16: 33 | G16: 28
B17: Other current liabilities | C17: 666 | D17: 777 | E17: 842 | F17: 994 | G17: 1216
B19: Other Operating Liabilities | C19: =SUM(C16:C17) -> 709 | D19: =SUM(D16:D17) -> 814 | E19: =SUM(E16:E17) -> 851 | F19: =SUM(F16:F17) -> 1027 | G19: =SUM(G16:G17) -> 1244
B22: Other operating current assets
B25: other Current Assets | C25: 520 | D25: 314 | E25: 333 | F25: 408 | G25: 519
B26: Other operating current assets | C26: =SUM(C23:C25) -> 520 | D26: =SUM(D23:D25) -> 314 | E26: =SUM(E23:E25) -> 333 | F26: =SUM(F23:F25) -> 408 | G26: =SUM(G23:G25) -> 519
B29: Particular | G29: 2021 | H29: 2022 | I29: 2023 | J29: 2024 | K29: 2025
B30: EBIDTA | G30: 2332.17 | H30: 2569.69 | I30: 2607.95 | J30: 2880.76 | K30: 2869.54
B31: Depriciation | G31: -240.13 | H31: -252.89 | I31: -310.96 | J31: -399.21 | K31: -445.6
B32: Earning before interest and Tax | G32: =SUM(G30:G31) -> 2092.04 | H32: =SUM(H30:H31) -> 2316.8 | I32: =SUM(I30:I31) -> 2296.99 | J32: =SUM(J30:J31) -> 2481.55 | K32: =SUM(K30:K31) -> 2423.94
B33: Interest | G33: -30.81 | H33: -38.6 | I33: -78.24 | J33: -124.18 | K33: -163.5
B34: Profit before Tax | G34: =SUM(G32:G33) -> 2061.23 | H34: =SUM(H32:H33) -> 2278.2 | I34: =SUM(I32:I33) -> 2218.75 | J34: =SUM(J32:J33) -> 2357.37 | K34: =SUM(K32:K33) -> 2260.44
B35: Tax @ 23% | G35: =G34*25% -> 515.3075 | H35: =H34*25% -> 569.55 | I35: =I34*23% -> 510.3125 | J35: =J34*23% -> 542.1951 | K35: =K34*23% -> 519.9012
B36: Profit after Tax | G36: =G34-G35 -> 1545.9225 | H36: =H34-H35 -> 1708.65 | I36: =I34-I35 -> 1708.4375 | J36: =J34-J35 -> 1815.1749 | K36: =K34-K35 -> 1740.5388
B40: WACC Calculation Sheet
C41: Particular | G41: NO.
B42: E | C42: = | D42: Market value of Firm's Equity | G42: =535*177.22 -> 94812.7 | H42: current market price X Total Outstanding shares
B43: D | C43: = | D43: Market Value of Firm's Debt | G43: =304+426 -> 730
B44: V | C44: = | D44: E+D | G44: =SUM(G42:G43) -> 95542.7
B45: Ke | C45: = | D45: Cost of Equity | G45: =$F$60 -> 0.11712723
B46: Kd | C46: = | D46: Cost of Debt | G46: =$F$70 -> 0.06 | H46: Interest/total Debt*(1-TC)
B47: Tc | C47: = | D47: Corporate Tax | G47: 0.25
E48: WACC | F48: = | G48: =(G42/G44*G45)+(G43/G44*G46) -> 0.11669074
H49: (E/V*Ke)+(D/V*Kd*(1-TC)
G51: =(G42/G44*G45)+(G43/G44*G46*(1-G47)) -> 0.11657613
B54: Cost of Equity | D54: Rf+Beta(Market rate of return -Risk free rate of return)
B56: Rf | E56: = | F56: 0.072
B57: Beta | E57: = | F57: ='Beta Calculation'!$N$9 -> 0.57855418
B58: Market rate of return | E58: = | F58: 0.15
B60: Cost of Equity | F60: =F56+F57*(F58-F56) -> 0.11712723
B64: Cost of Debt | D64: Interest/total Debt*(1-TC)
B66: Interest | E66: = | F66: =Sheet6!B27 -> 163.5
B67: Total Debt | E67: = | F67: 1120
B68: Tax Rate | E68: = | F68: =G47 -> 0.25
B70: Cost of Debt | F70: =8%*(1-F68) -> 0.06
B73: Other Investment
B75: Investment in Joint Venture | F75: 7.88
B86: Net Debt | C86: Short tem debt + long term debt - cash and cash equivalent- Liquidable Investment
B87: Short term Debt | E87: 426.09
B88: Long term debt | E88: 304.03
B89: Lease Liability | E89: =181.92+38.33 -> 220.25 | F89: =SUM(E87:E89) -> 950.37
B94: Liquidable Investment
C95: Mutual Fund | E95: 1372
C96: Government Loan | E96: 117.58
C97: Investment in Bonds | E97: 26.62
C98: Bonds | E98: 313.58
C99: Treasury Bill | E99: 145.61
C100: Investment in Target Maturity | E100: 111.38
E101: =SUM(E95:E100) -> 2086.77 | F101: =$E$101 -> 2086.77
C103: Total | F103: =F89-F93-F101 -> -1136.4

Sheet Beta Calculation
B1: Beta Calculation
B3: Date | C3: Dabur | D3: Nifty 50 | F3: % of dabur | G3: % of Nifty 50 | J3: Beta Calculation
B4: 45505 | C4: 642.95 | D4: 25010.9
B5: 45506 | C5: 627.3 | D5: 24717.7 | F5: =(C5-C4)/C4 -> -0.024340929 | G5: =(D5-D4)/D4 -> -0.011722889 | I5: Method 1 | J5: Standard daviation of Dabur | N5: =_xlfn.STDEV.P(F5:F254) -> 0.013349677
B6: 45509 | C6: 634.05 | D6: 24055.6 | F6: =(C6-C5)/C5 -> 0.010760402 | G6: =(D6-D5)/D5 -> -0.026786473 | J6: Standard daviation of Nifty 50 | N6: =_xlfn.STDEV.P(G5:G255) -> 0.0085056988
B7: 45510 | C7: 629.1 | D7: 23992.55 | F7: =(C7-C6)/C6 -> -0.0078069553 | G7: =(D7-D6)/D6 -> -0.0026210113 | J7: Correlation of nifty 50 and dabur | N7: =CORREL(F5:F254,G5:G254) -> 0.36862372
B8: 45511 | C8: 639.4 | D8: 24297.5 | F8: =(C8-C7)/C7 -> 0.016372596 | G8: =(D8-D7)/D7 -> 0.012710195
B9: 45512 | C9: 637.25 | D9: 24117 | F9: =(C9-C8)/C8 -> -0.0033625274 | G9: =(D9-D8)/D8 -> -0.0074287478 | J9: BETA | N9: =N7*N5/N6 -> 0.57855418 | O9: Correlation* (Std of Dabur / Std of Nifty 50)
B10: 45513 | C10: 624.05 | D10: 24367.5 | F10: =(C10-C9)/C9 -> -0.020714005 | G10: =(D10-D9)/D9 -> 0.010386864
B11: 45516 | C11: 620.3 | D11: 24347 | F11: =(C11-C10)/C10 -> -0.0060091339 | G11: =(D11-D10)/D10 -> -0.0008412845 | I11: Method 2 | J11: BETA | N11: =SLOPE(F5:F254,G5:G254) -> 0.57855418 | O11: Slope formula
B12: 45517 | C12: 606.15 | D12: 24139 | F12: =(C12-C11)/C11 -> -0.022811543 | G12: =(D12-D11)/D11 -> -0.008543147
B13: 45518 | C13: 604.25 | D13: 24143.75 | F13: =(C13-C12)/C12 -> -0.0031345377 | G13: =(D13-D12)/D12 -> 0.000196777 | I13: Market rate of return | N13: 0.12
B14: 45520 | C14: 617.35 | D14: 24541.15 | F14: =(C14-C13)/C13 -> 0.021679768 | G14: =(D14-D13)/D13 -> 0.016459746
B15: 45523 | C15: 621.2 | D15: 24572.65 | F15: =(C15-C14)/C14 -> 0.0062363327 | G15: =(D15-D14)/D14 -> 0.0012835584
B16: 45524 | C16: 623.1 | D16: 24698.85 | F16: =(C16-C15)/C15 -> 0.0030585963 | G16: =(D16-D15)/D15 -> 0.0051357912
B17: 45525 | C17: 634.5 | D17: 24770.2 | F17: =(C17-C16)/C16 -> 0.018295619 | G17: =(D17-D16)/D16 -> 0.0028887985
B18: 45526 | C18: 645.75 | D18: 24811.5 | F18: =(C18-C17)/C17 -> 0.017730496 | G18: =(D18-D17)/D17 -> 0.0016673261
B19: 45527 | C19: 643.35 | D19: 24823.15 | F19: =(C19-C18)/C18 -> -0.0037166086 | G19: =(D19-D18)/D18 -> 0.00046954033
B20: 45530 | C20: 654.55 | D20: 25010.6 | F20: =(C20-C19)/C19 -> 0.017408875 | G20: =(D20-D19)/D19 -> 0.0075514187
B21: 45531 | C21: 643.25 | D21: 25017.75 | F21: =(C21-C20)/C20 -> -0.017263769 | G21: =(D21-D20)/D20 -> 0.00028587879
B22: 45532 | C22: 644.15 | D22: 25052.35 | F22: =(C22-C21)/C21 -> 0.001399145 | G22: =(D22-D21)/D21 -> 0.0013830181
B23: 45533 | C23: 643.9 | D23: 25151.95 | F23: =(C23-C22)/C22 -> -0.00038810836 | G23: =(D23-D22)/D22 -> 0.0039756749
B24: 45534 | C24: 637.3 | D24: 25235.9 | F24: =(C24-C23)/C23 -> -0.010250039 | G24: =(D24-D23)/D23 -> 0.0033377134
B25: 45537 | C25: 636.65 | D25: 25278.7 | F25: =(C25-C24)/C24 -> -0.0010199278 | G25: =(D25-D24)/D24 -> 0.0016959966
... B254: 45870 | C254: 533.85 | D254: 24565.35 | F254: =(C254-C253)/C253 -> 0.008977509 | G254: =(D254-D253)/D253 -> -0.0081959436

Sheet INPUTS
B1: All Inputs and Assumption
B2: Particulars | F2: No.
B3: Risk free rate of return | F3: =Calculatios!$F$56 -> 0.072
B4: Equity Risk Premium | F4: 0.065
B5: BETA | F5: ='Beta Calculation'!N9 -> 0.57855418
B6: Cost of Equity | F6: =Calculatios!F60 -> 0.11712723
B7: Latest Dividend Per Share | F7: ='Calculations DVDND'!E7 -> 5.5000846
B8: Payout Ratio | F8: ='Calculations DVDND'!$E$13 -> 0.55166345
B9: Expected Long term Growth Rate | F9: ='Calculations DVDND'!$E$19 -> 0.073356161
B10: Market Price Per Share | F10: 516.5
O20: 20

Sheet Forecast DVDN
B2: Forecasting Dividend
B4: Year | C4: Year no. | D4: Dividend | E4: PV facor | F4: Present Value of Dividend
B5: 2025 | C5: 0 | D5: =INPUTS!$F$7 -> 5.5000846 | E5: =1/(1+INPUTS!$F$6)^C5 -> 1
B6: 2026 | C6: 1 | D6: =D5+(D5*INPUTS!$F$9) -> 5.9035497 | E6: =1/(1+INPUTS!$F$6)^C6 -> 0.89515319 | F6: =D6*E6 -> 5.2845814
B7: 2027 | C7: 2 | D7: =D6+(D6*INPUTS!$F$9) -> 6.3366115 | E7: =1/(1+INPUTS!$F$6)^C7 -> 0.80129923 | F7: =D7*E7 -> 5.0775219
B8: 2028 | C8: 3 | D8: =D7+(D7*INPUTS!$F$9) -> 6.801441 | E8: =1/(1+INPUTS!$F$6)^C8 -> 0.71728557 | F8: =D8*E8 -> 4.8785754
B9: 2029 | C9: 4 | D9: =D8+(D8*INPUTS!$F$9) -> 7.3003686 | E9: =1/(1+INPUTS!$F$6)^C9 -> 0.64208046 | F9: =D9*E9 -> 4.687424
B10: 2030 | C10: 5 | D10: =D9+(D9*INPUTS!$F$9) -> 7.8358956 | E10: =1/(1+INPUTS!$F$6)^C10 -> 0.57476037 | F10: =D10*E10 -> 4.5037623
B11: 2031 | C11: 6 | D11: =D10+(D10*INPUTS!$F$9) -> 8.4107068 | E11: =1/(1+INPUTS!$F$6)^C11 -> 0.51449858 | F11: =D11*E11 -> 4.3272967
B12: 2032 | C12: 7 | D12: =D11+(D11*INPUTS!$F$9) -> 9.027684 | E12: =1/(1+INPUTS!$F$6)^C12 -> 0.46055505 | F12: =D12*E12 -> 4.1577454
B13: 2033 | C13: 8 | D13: =D12+(D12*INPUTS!$F$9) -> 9.6899202 | E13: =1/(1+INPUTS!$F$6)^C13 -> 0.41226732 | F13: =D13*E13 -> 3.9948374
B14: 2034 | C14: 9 | D14: =D13+(D13*INPUTS!$F$9) -> 10.400736 | E14: =1/(1+INPUTS!$F$6)^C14 -> 0.36904241 | F14: =D14*E14 -> 3.8383125
B15: 2035 | C15: 10 | D15: =D14+(D14*INPUTS!$F$9) -> 11.163694 | E15: =1/(1+INPUTS!$F$6)^C15 -> 0.33034949 | F15: =D15*E15 -> 3.6879205
B16: 2036 | C16: 11 | D16: =D15+(D15*INPUTS!$F$9) -> 11.982619
B18: Terminal Value (at Year 10)
B19: Dividend of 11th year | E19: =D16 -> 11.982619
B20: Cost of Equity | E20: =INPUTS!$F$6 -> 0.11712723
B21: Growth rate | E21: =INPUTS!$F$9 -> 0.073356161
D22: TV | E22: =E19/(E20-E21) -> 273.75664
D23: PV of TV | E23: =E22/(1+INPUTS!F6)^10 -> 90.435364
B25: Value of Equity | E25: =SUM(F6:F15)+E23 -> 134.87334

Sheet Calculations DVDND
B1: Calculations For Dividend Distribution Modal
B3: Dividend per share | E3: Amount
B4: Total Dividend issued | E4: 974.78
B5: Total Share | E5: 177.23
C7: DPS | E7: =E4/E5 -> 5.5000846
B9: Payout Ratio | E9: Amount
B10: Earning per share | E10: =Sheet6!$B$40 -> 9.97
B11: Dividend per share | E11: =E7 -> 5.5000846
C13: Payout ratio | E13: =E11/E10 -> 0.55166345
B15: Dividend Growth Rate | E15: Amount
B16: ROE | E16: =J19 -> 0.16361852 | G16: Particular | J16: Amount | L16: Particular | O16: Amount
B17: Retention Ratio | E17: =O19 -> 0.44833655 | G17: Net Income | J17: 1767.08 | L17: Payout Ratio | O17: =E13 -> 0.55166345
G18: Equity | J18: =10623+177 -> 10800
C19: Gowth Rate | E19: =E16*E17 -> 0.073356161 | I19: ROE | J19: =J17/J18 -> 0.16361852 | M19: Retention Ratio | O19: =1-O17 -> 0.44833655

Sheet Sheet1
B1: Assumptions
B2: 1. Forecast Assumptions (Operating)
C3: Revenue Growth Rate = CAGR or year-on-year growth for sales.
C4: EBIT Margin / Operating Margin = Stable or improving trend based on history & industry.
C5: Depreciation = As % of Capex.
C6: Capex = As % of Sales or based on historical trend.
C7: Working Capital Changes = As % of Sales (Receivables, Inventory, Payables).used (Trade receivable + Inventory + other Current Operating Assets ) - (Trade Pyable + other current liabilities)
C8: Tax Rate = Effective tax rate based on company filings.
B10: 2. Discounting Assumptions
C11: WACC (Weighted Average Cost of Capital) = Used to discount FCFF.
D12: Inputs needed:
E13: Cost of Equity (via CAPM: Risk-free rate, Beta, Market Risk Premium).
E14: Cost of Debt (after tax).
B16: 3. Terminal Value Assumptions
C17: Terminal Growth Rate (g) = Long-term sustainable growth (Taken GDP Growth of India)
C18: Method: Perpetuity Growth Method (Gordon Growth).
B20: 4. Balance Sheet-Related Assumptions
C21: Cash & Cash Equivalents = Needed for Net Debt calculation.
C22: Debt Levels = Outstanding borrowings considered.
C23: Shares Outstanding = To calculate per share intrinsic value.
B25: 5. Sensitivity Assumptions
C26: Scenarios for WACC & g = To test how valuation changes if discount rate or terminal growth changes.

Sheet Sheet6
A1: Dabur India | B1: Previous Years �
A2: Consolidated Profit & Loss account | B2: ------------------- in Rs. Cr. -------------------
B3: Mar '25 | C3: Mar '24 | D3: Mar '23 | E3: Mar '22 | F3: Mar '21
A4: #VALUE!
B5: 12 mths | C5: 12 mths | D5: 12 mths | E5: 12 mths | F5: 12 mths
A6: #VALUE!
A7: Income
A8: Sales Turnover | B8: 12563.09 | C8: 12404.01 | D8: 11529.89 | E8: 10888.68 | F8: 9561.65
A9: Excise Duty | B9: 0 | C9: 0 | D9: 0 | E9: 0 | F9: 15.05
A10: Net Sales | B10: 12563.09 | C10: 12404.01 | D10: 11529.89 | E10: 10888.68 | F10: 9546.6
A11: Other Income | B11: 553.2 | C11: 480.53 | D11: 443.83 | E11: 315.88 | F11: 329.49
A12: Stock Adjustments | B12: 57.1 | C12: -48.95 | D12: 90.79 | E12: 8.55 | F12: 207.2
A13: Total Income | B13: 13173.39 | C13: 12835.59 | D13: 12064.51 | E13: 11213.11 | F13: 10083.29
A14: Expenditure
A15: Raw Materials | B15: 6640.59 | C15: 6447.46 | D15: 6406.88 | E15: 5685.19 | F15: 5014
A16: Power & Fuel Cost | B16: 155.95 | C16: 153.44 | D16: 150.59 | E16: 128.66 | F16: 104.01
A17: Employee Cost | B17: 1291.23 | C17: 1239.56 | D17: 1137 | E17: 1079.95 | F17: 1033.46
A18: Selling and Admin Expenses | B18: 864.64 | C18: 849.06 | D18: 640.27 | E18: 777.94 | F18: 784.36
A19: Miscellaneous Expenses | B19: 1351.44 | C19: 1265.31 | D19: 1121.82 | E19: 971.68 | F19: 815.29
A20: Total Expenses | B20: 10303.85 | C20: 9954.83 | D20: 9456.56 | E20: 8643.42 | F20: 7751.12
B21: Mar '25 | C21: Mar '24 | D21: Mar '23 | E21: Mar '22 | F21: Mar '21
A22: #VALUE!
B23: 12 mths | C23: 12 mths | D23: 12 mths | E23: 12 mths | F23: 12 mths
A24: #VALUE!
A25: Operating Profit | B25: 2316.34 | C25: 2400.23 | D25: 2164.12 | E25: 2253.81 | F25: 2002.68
A26: PBDIT | B26: 2869.54 | C26: 2880.76 | D26: 2607.95 | E26: 2569.69 | F26: 2332.17 | H26: =B30+B27 -> 2423.94
A27: Interest | B27: 163.5 | C27: 124.18 | D27: 78.24 | E27: 38.6 | F27: 30.81
A28: PBDT | B28: 2706.04 | C28: 2756.58 | D28: 2529.71 | E28: 2531.09 | F28: 2301.36
A29: Depreciation | B29: 445.6 | C29: 399.21 | D29: 310.96 | E29: 252.89 | F29: 240.13
A30: Profit Before Tax | B30: 2260.44 | C30: 2357.37 | D30: 2218.75 | E30: 2278.2 | F30: 2061.23 | H30: 2056 | I30: 2269 | J30: 2219 | K30: 2359 | L30: 2258 | M30: 2278
A31: PBT (Post Extra-ord Items) | B31: 2260.44 | C31: 2357.37 | D31: 2218.75 | E31: 2278.2 | F31: 2061.23
A32: Tax | B32: 517.47 | C32: 547.43 | D32: 517.35 | E32: 526.38 | F32: 361.07 | I32: =(B32/B31) -> 0.22892446 | J32: =(C32/C31) -> 0.23222065 | K32: =(D32/D31) -> 0.23317183 | L32: =(E32/E31) -> 0.23105083
A33: Reported Net Profit | B33: 1767.08 | C33: 1843.19 | D33: 1708.78 | E33: 1741.02 | F33: 1694.31 | G33: =F31-F32 -> 1700.16
A34: Share Of P/L Of Associates | B34: -0.55 | C34: 0.51 | D34: 1.63 | E34: 1.8 | F34: 1.01
A35: Net P/L After Minority Interest & Share Of Associates | B35: 1740.42 | C35: 1811.31 | D35: 1701.33 | E35: 1827.3 | F35: 1694.95 | G35: =E31-E32 -> 1751.82 | H35: =D31-D32 -> 1701.4
A36: Total Value Addition | B36: 3663.26 | C36: 3507.37 | D36: 3049.68 | E36: 2958.23 | F36: 2737.12
A37: Equity Dividend | B37: 974.78 | C37: 965.76 | D37: 921.31 | E37: 972.32 | F37: 592.09
A38: Per share data (annualised)
A39: Shares in issue (lakhs) | B39: 17723.18 | C39: 17720.39 | D39: 17717.63 | E39: 17678.56 | F39: 17674.25
A40: Earning Per Share (Rs) | B40: 9.97 | C40: 10.4 | D40: 9.64 | E40: 9.85 | F40: 9.59
A41: Book Value (Rs) | B41: 60.94 | C41: 55.68 | D41: 50.31 | E41: 46.57 | F41: 43.36
I43: 17723000000
B51: =B37/B33 -> 0.5516332 | C51: =5.5/8.52 -> 0.64553991

Sheet Sheet7
A1: Dabur India | B1: Previous Years �
A2: Consolidated Balance Sheet | B2: ------------------- in Rs. Cr. -------------------
B3: Mar '25 | C3: Mar '24 | D3: Mar '23 | E3: Mar '22 | F3: Mar '21
A4: #VALUE!
B5: 12 mths | C5: 12 mths | D5: 12 mths | E5: 12 mths | F5: 12 mths
A6: #VALUE!
A7: Sources Of Funds
A8: Total Share Capital | B8: 177.23 | C8: 177.2 | D8: 177.18 | E8: 176.79 | F8: 176.74
A9: Equity Share Capital | B9: 177.23 | C9: 177.2 | D9: 177.18 | E9: 176.79 | F9: 176.74
A10: Employee Stock Opiton | B10: 0 | C10: 0 | D10: 59.08 | E10: 148.21 | F10: 0
A11: Reserves | B11: 10623.46 | C11: 9689.1 | D11: 8737 | E11: 8056.3 | F11: 7486.79
A12: Networth | B12: 10800.69 | C12: 9866.3 | D12: 8973.26 | E12: 8381.3 | F12: 7663.53
A13: Secured Loans | B13: 730.12 | C13: 1158.07 | D13: 999.02 | E13: 867.65 | F13: 483.27
A14: Total Debt | B14: 730.12 | C14: 1158.07 | D14: 999.02 | E14: 867.65 | F14: 483.27
A15: Minority Interest | B15: 409.57 | C15: 436.78 | D15: 468.17 | E15: 40.55 | F15: 36.69
A16: Total Liabilities | B16: 11940.38 | C16: 11461.15 | D16: 10440.45 | E16: 9289.5 | F16: 8183.49
B17: Mar '25 | C17: Mar '24 | D17: Mar '23 | E17: Mar '22 | F17: Mar '21
A18: #VALUE!
B19: 12 mths | C19: 12 mths | D19: 12 mths | E19: 12 mths | F19: 12 mths
A20: #VALUE!
A21: Application Of Funds
A22: Gross Block | B22: 6422.77 | C22: 5824.74 | D22: 5448.44 | E22: 3854.02 | F22: 3688.6
A23: Less: Accum. Depreciation | B23: 2433.08 | C23: 2009.74 | D23: 1869.79 | E23: 1546.12 | F23: 1445.68
A24: Net Block | B24: 3989.69 | C24: 3815 | D24: 3578.65 | E24: 2307.9 | F24: 2242.92
A25: Capital Work in Progress | B25: 168.99 | C25: 232.23 | D25: 175.13 | E25: 167.5 | F25: 147.3
A26: Investments | B26: 7467.86 | C26: 6932.69 | D26: 6265.26 | E26: 6219.62 | F26: 4159.63
A27: Inventories | B27: 2300.11 | C27: 1946.97 | D27: 2024.2 | E27: 1911.37 | F27: 1734.28
A28: Sundry Debtors | B28: 888.5 | C28: 898.72 | D28: 848.75 | E28: 646.15 | F28: 561.58
A29: Cash and Bank Balance | B29: 578.01 | C29: 666.36 | D29: 325.92 | E29: 570.14 | F29: 1329.03
A30: Total Current Assets | B30: 3766.62 | C30: 3512.05 | D30: 3198.87 | E30: 3127.66 | F30: 3624.89
A31: Loans and Advances | B31: 839.12 | C31: 630.71 | D31: 436.46 | E31: 461.85 | F31: 672.39
A32: Total CA, Loans & Advances | B32: 4605.74 | C32: 4142.76 | D32: 3635.33 | E32: 3589.51 | F32: 4297.28
A33: Current Liabilities | B33: 3959.92 | C33: 3343.33 | D33: 2935.54 | E33: 2745.35 | F33: 2412.49
... A37: Total Assets | B37: 11940.38 | C37: 11461.15 | D37: 10440.45 | E37: 9289.5 | F37: 8183.49
A38: #VALUE!
A39: Contingent Liabilities | B39: 754.11 | C39: 593.44 | D39: 521.73 | E39: 555.06 | F39: 347.77
A40: Book Value (Rs) | B40: 60.94 | C40: 55.68 | D40: 50.31 | E40: 46.57 | F40: 43.36

Sheet Sheet8
B2: Dabur India | C2: Previous Years �
B3: Consolidated Cash Flow | C3: ------------------- in Rs. Cr. -------------------
C4: Mar '25 | D4: Mar '24 | E4: Mar '23 | F4: Mar '22 | G4: Mar '21
B5: #VALUE!
C6: 12 mths | D6: 12 mths | E6: 12 mths | F6: 12 mths | G6: 12 mths
B7: #VALUE!
B8: Net Profit Before Tax | C8: 2257.89 | D8: 2358.74 | E8: 2218.68 | F8: 2268.68 | G8: 2056.02
B9: Net Cash From Operating Activities | C9: 1986.75 | D9: 2013.47 | E9: 1488.43 | F9: 1802.33 | G9: 2114.67
B10: Net Cash (used in)/from | C10: -449.11 | D10: -971.74 | E10: -586.54 | F10: -1275.45 | G10: -1405.78
B11: Investing Activities
B12: Net Cash (used in)/from Financing Activities | C12: -1405.34 | D12: -1161.18 | E12: -1035.24 | F12: -490.49 | G12: -613.41
B13: Net (decrease)/increase In Cash and Cash Equivalents | C13: 133.15 | D13: -118.75 | E13: -131.01 | F13: 38.39 | G13: 97.04
B14: Opening Cash & Cash Equivalents | C14: -21.18 | D14: 97.57 | E14: 228.58 | F14: 188.78 | G14: 91.74
B15: Closing Cash & Cash Equivalents | C15: 111.97 | D15: -21.18 | E15: 97.57 | F15: 227.17 | G15: 188.78
C20: 41699 | D20: 42064 | E20: 42430 | F20: 42795 | G20: 43160 | H20: 43525 | I20: 43891 | J20: 44256 | K20: 44621 | L20: 44986 | M20: 45352 | N20: 45717
B21: Cash from Operating Activity - | C21: 1098 | D21: 1047 | E21: 1187 | F21: 1227 | G21: 1092 | H21: 1499 | I21: 1614 | J21: 2115 | K21: 1802 | L21: 1488 | M21: 2013 | N21: 1987
B22: Profit from operations | C22: 1202 | D22: 1394 | E22: 1543 | F22: 1462 | G22: 1678 | H22: 1868 | I22: 1981 | J22: 2048 | K22: 2287 | L22: 2143 | M22: 2406 | N22: 2402
B23: Receivables | C23: -187 | D23: -142 | E23: -14 | F23: 115 | G23: -60 | H23: -130 | I23: 14 | J23: 248 | K23: -78 | L23: -191 | M23: -55 | N23: 12
B24: Inventory | C24: -128 | D24: -1 | E24: -123 | F24: -10 | G24: -149 | H24: -44 | I24: -79 | J24: -355 | K24: -177 | L24: -96 | M24: 77 | N24: -353
B25: Payables | C25: 397 | D25: 26 | E25: 62 | F25: -16 | G25: 86 | H25: 45 | I25: 26 | J25: 434 | K25: 108 | L25: 141 | M25: 217 | N25: 407
B26: Other WC items | C26: 0 | D26: 0 | E26: 0 | F26: -1 | G26: -138 | H26: 111 | I26: -19 | J26: 62 | K26: 51 | L26: -15 | M26: -137 | N26: -77
B27: Working capital changes | C27: 82 | D27: -117 | E27: -75 | F27: 87 | G27: -262 | H27: -18 | I27: -58 | J27: 388 | K27: -97 | L27: -160 | M27: 101 | N27: -11
B28: Direct taxes | C28: -186 | D28: -230 | E28: -281 | F28: -322 | G28: -325 | H28: -351 | I28: -309 | J28: -321 | K28: -388 | L28: -494 | M28: -494 | N28: -405
B29: Cash from Investing Activity - | C29: -104 | D29: -876 | E29: -730 | F29: -807 | G29: -541 | H29: 338 | I29: -517 | J29: -1404 | K29: -1273 | L29: -583 | M29: -971 | N29: -448
B30: Fixed assets purchased | C30: -215 | D30: -267 | E30: -200 | F30: -490 | G30: -207 | H30: -234 | I30: -417 | J30: -311 | K30: -374 | L30: -509 | M30: -564 | N30: -570
B31: Fixed assets sold | C31: 2 | D31: 16 | E31: 11 | F31: 4 | G31: 7 | H31: 9 | I31: 17 | J31: 5 | K31: 5 | L31: 23 | M31: 3 | N31: 30
B32: Investments purchased | C32: -6446 | D32: -6317 | E32: -7341 | F32: -9111 | G32: -9001 | H32: -5393 | I32: -8479 | J32: -7635 | K32: -7507 | L32: -4177 | M32: -5142 | N32: -6188
... B34: Interest received | C34: 95 | D34: 96 | E34: 148 | F34: 190 | G34: 244 | H34: 244 | I34: 248 | J34: 262 | K34: 367 | L34: 394 | M34: 387 | N34: 399
B35: Invest in subsidiaries | C35: 0 | D35: w | E35: 0 | F35: 0 | G35: 0 | H35: 0 | I35: 0 | J35: 0 | K35: 0 | L35: -481 | M35: 0 | N35: 0
B36: Other investing items | C36: 3 | D36: 0 | E36: -1 | F36: 0 | G36: -1 | H36: 1 | I36: 0 | J36: 2 | K36: 2 | L36: 4 | M36: 1 | N36: 1
B37: Cash from Financing Activity - | C37: -804 | D37: -417 | E37: -374 | F37: -339 | G37: -577 | H37: -1888 | I37: -1043 | J37: -613 | K37: -490 | L37: -1035 | M37: -1161 | N37: -1405
B38: Proceeds from shares | C38: 0 | D38: 46 | E38: 17 | F38: 15 | G38: 0 | H38: 0 | I38: 0 | J38: 0 | K38: 0 | L38: 0 | M38: 0 | N38: 0
B39: Proceeds from borrowings | C39: 0 | D39: 75 | E39: 131 | F39: 168 | G39: 4 | H39: 32 | I39: 0 | J39: 65 | K39: 541 | L39: 935 | M39: 631 | N39: 638
B40: Repayment of borrowings | C40: -443 | D40: -50 | E40: -60 | F40: 0 | G40: -62 | H40: -272 | I40: -358 | J40: -28 | K40: 0 | L40: -886 | M40: -678 | N40: -855
B41: Interest paid fin | C41: -34 | D41: -26 | E41: -40 | F41: -45 | G41: -43 | H41: -52 | I41: -42 | J41: -31 | K41: -33 | L41: -89 | M41: -119 | N41: -180
B42: Dividends paid | C42: -279 | D42: -395 | E42: -352 | F42: -396 | G42: -396 | H42: -1325 | I42: -512 | J42: -592 | K42: -972 | L42: -921 | M42: -966 | N42: -975
B43: Financial liabilities | C43: 0 | D43: 0 | E43: 0 | F43: 0 | G43: 0 | H43: 0 | I43: -25 | J43: -28 | K43: -26 | L43: -25 | M43: -29 | N43: -34
B44: Other financing items | C44: -47 | D44: -67 | E44: -72 | F44: -81 | G44: -81 | H44: -272 | I44: -105 | J44: 0 | K44: 0 | L44: -49 | M44: 0 | N44: 0
B45: Net Cash Flow | C45: 190 | D45: -245 | E45: 82 | F45: 81 | G45: -27 | H45: -51 | I45: 54 | J45: 97 | K45: 38 | L45: -130 | M45: -119 | N45: 133
